Workbook
Name SAPCrosstab1: 'WOC QUERY'!$A$2:$H$281

Sheet _com.sap.ip.bi.xl.hiddensheet

Sheet WOC
A1: PARAMETRE | D1: ACTUAL | E1: =D1 -> ACTUAL | F1: =D1 -> ACTUAL | G1: =F1 -> ACTUAL | H1: =F1 -> ACTUAL | I1: =F1 -> ACTUAL | L1: ACTUAL | M1: =L1 -> ACTUAL | N1: =L1 -> ACTUAL | Q1: L2AH / OP 2017 / Version 001 | R1: =Q1 -> L2AH / OP 2017 / Version 001 | S1: =Q1 -> L2AH / OP 2017 / Version 001 | V1: L2AH / FC1 2017 / Version 001 | W1: =V1 -> L2AH / FC1 2017 / Version 001 | X1: =V1 -> L2AH / FC1 2017 / Version 001 | AA1: L2AH / FC2 2017 / Version 001 | AB1: =AA1 -> L2AH / FC2 2017 / Version 001 | AC1: =AA1 -> L2AH / FC2 2017 / Version 001
D2: 2016 | E2: =D2 -> 2016 | F2: =D2 -> 2016 | G2: =F2 -> 2016 | H2: =F2 -> 2016 | I2: =F2 -> 2016 | L2: 2017 | M2: =L2 -> 2017 | N2: =L2 -> 2017 | Q2: 2017 | R2: =Q2 -> 2017 | S2: =Q2 -> 2017 | V2: 2017 | W2: =V2 -> 2017 | X2: =V2 -> 2017 | AA2: 2017 | AB2: =AA2 -> 2017 | AC2: =AA2 -> 2017
D3: 12 | E3: =D3 -> 12 | F3: =D3 -> 12 | G3: =F3 -> 12 | H3: =F3 -> 12 | I3: =F3 -> 12 | L3: 4 | M3: =L3 -> 4 | N3: =L3 -> 4 | Q3: 12 | R3: =Q3 -> 12 | S3: =Q3 -> 12 | V3: 12 | W3: =V3 -> 12 | X3: =V3 -> 12 | AA3: 12 | AB3: =AA3 -> 12 | AC3: =AA3 -> 12
D4: Gross Inventories | E4: Gross Trade receivables | F4: Advance payments received | G4: =F4 -> Advance payments received | H4: =F5 -> Deferred income | I4: =F6 -> Governm. Refund. Advan. | L4: Gross Inventories | M4: Gross Trade receivables | N4: Advance payments received | Q4: Gross Inventories | R4: Gross Trade receivables | S4: Advance payments received | V4: Gross Inventories | W4: Gross Trade receivables | X4: Advance payments received | AA4: Gross Inventories | AB4: Gross Trade receivables | AC4: Advance payments received
F5: Deferred income | N5: Deferred income | S5: Deferred income | X5: Deferred income | AC5: Deferred income
F6: Governm. Refund. Advan. | N6: Governm. Refund. Advan. | S6: Governm. Refund. Advan. | X6: Governm. Refund. Advan. | AC6: Governm. Refund. Advan.
B7: WoC | D7: Actuals 2016 | L7: Actuals as of April.17 | Q7: OP17 y17 | V7: FC1 17 | AA7: FC2 17
B8: in M€ | D8: Inv. | E8: Rec. | F8: Ad./Def. | J8: WoC | L8: Inv. | M8: Rec. | N8: Ad./Def. | O8: WoC | Q8: Inv. | R8: Rec. | S8: Ad./Def. | T8: WoC | V8: Inv. | W8: Rec. | X8: Ad./Def. | Y8: WoC | AA8: Inv. | AB8: Rec. | AC8: Ad./Def. | AD8: WoC
A10: Spares | B10: =A10 -> Spares | D10: {=SUM(IF(($A10='WOC QUERY'!$B$7:$B$1000)*(D$1='WOC QUERY'!$D$2:$BI$2)*(D$2='WOC QUERY'!$D$3:$BI$3)*(D$3='WOC QUERY'!$D$4:$BI$4)*(D$4='WOC QUERY'!$A$7:$A$1000),'WOC QUERY'!$D$7:$BI$1000))/COUNT(IF(($A10='WOC QUERY'!$B$7:$B$1000)*(D$1='WOC QUERY'!$D$2:$BI$2)*(D$2='WOC QUERY'!$D$3:$BI$3)*(D$3='WOC QUERY'!$D$4:$BI$4)*(D$4='WOC QUERY'!$A$7:$A$1000),'WOC QUERY'!$D$7:$BI$1000))} -> 731.37287 | E10: {=SUM(IF(($A10='WOC QUERY'!$B$7:$B$1000)*(E$1='WOC QUERY'!$D$2:$BI$2)*(E$2='WOC QUERY'!$D$3:$BI$3)*(E$3='WOC QUERY'!$D$4:$BI$4)*(E$4='WOC QUERY'!$A$7:$A$1000),'WOC QUERY'!$D$7:$BI$1000))/COUNT(IF(($A10='WOC QUERY'!$B$7:$B$1000)*(E$1='WOC QUERY'!$D$2:$BI$2)*(E$2='WOC QUERY'!$D$3:$BI$3)*(E$3='WOC QUERY'!$D$4:$BI$4)*(E$4='WOC QUERY'!$A$7:$A$1000),'WOC QUERY'!$D$7:$BI$1000))} -> 191.66371 | F10: =SUM(G10:I10) -> #DIV/0! | G10: {=SUM(IF(($A10='WOC QUERY'!$B$7:$B$1000)*(G$1='WOC QUERY'!$D$2:$BI$2)*(G$2='WOC QUERY'!$D$3:$BI$3)*(G$3='WOC QUERY'!$D$4:$BI$4)*(G$4='WOC QUERY'!$A$7:$A$1000),'WOC QUERY'!$D$7:$BI$1000))/COUNT(IF(($A10='WOC QUERY'!$B$7:$B$1000)*(G$1='WOC QUERY'!$D$2:$BI$2)*(G$2='WOC QUERY'!$D$3:$BI$3)*(G$3='WOC QUERY'!$D$4:$BI$4)*(G$4='WOC QUERY'!$A$7:$A$1000),'WOC QUERY'!$D$7:$BI$1000))} -> -51.769651 | H10: {=SUM(IF(($A10='WOC QUERY'!$B$7:$B$1000)*(H$1='WOC QUERY'!$D$2:$BI$2)*(H$2='WOC QUERY'!$D$3:$BI$3)*(H$3='WOC QUERY'!$D$4:$BI$4)*(H$4='WOC QUERY'!$A$7:$A$1000),'WOC QUERY'!$D$7:$BI$1000))/COUNT(IF(($A10='WOC QUERY'!$B$7:$B$1000)*(H$1='WOC QUERY'!$D$2:$BI$2)*(H$2='WOC QUERY'!$D$3:$BI$3)*(H$3='WOC QUERY'!$D$4:$BI$4)*(H$4='WOC QUERY'!$A$7:$A$1000),'WOC QUERY'!$D$7:$BI$1000))} -> -4.630923 | I10: {=SUM(IF(($A10='WOC QUERY'!$B$7:$B$1000)*(I$1='WOC QUERY'!$D$2:$BI$2)*(I$2='WOC QUERY'!$D$3:$BI$3)*(I$3='WOC QUERY'!$D$4:$BI$4)*(I$4='WOC QUERY'!$A$7:$A$1000),'WOC QUERY'!$D$7:$BI$1000))/COUNT(IF(($A10='WOC QUERY'!$B$7:$B$1000)*(I$1='WOC QUERY'!$D$2:$BI$2)*(I$2='WOC QUERY'!$D$3:$BI$3)*(I$3='WOC QUERY'!$D$4:$BI$4)*(I$4='WOC QUERY'!$A$7:$A$1000),'WOC QUERY'!$D$7:$BI$1000))} -> #DIV/0! | J10: =SUM(D10:F10) -> #DIV/0! | L10: {=SUM(IF(($A10='WOC QUERY'!$B$7:$B$1000)*(L$1='WOC QUERY'!$D$2:$BI$2)*(L$2='WOC QUERY'!$D$3:$BI$3)*(L$3='WOC QUERY'!$D$4:$BI$4)*(L$4='WOC QUERY'!$A$7:$A$1000),'WOC QUERY'!$D$7:$BI$1000))/COUNT(IF(($A10='WOC QUERY'!$B$7:$B$1000)*(L$1='WOC QUERY'!$D$2:$BI$2)*(L$2='WOC QUERY'!$D$3:$BI$3)*(L$3='WOC QUERY'!$D$4:$BI$4)*(L$4='WOC QUERY'!$A$7:$A$1000),'WOC QUERY'!$D$7:$BI$1000))} -> #DIV/0! | M10: {=SUM(IF(($A10='WOC QUERY'!$B$7:$B$1000)*(M$1='WOC QUERY'!$D$2:$BI$2)*(M$2='WOC QUERY'!$D$3:$BI$3)*(M$3='WOC QUERY'!$D$4:$BI$4)*(M$4='WOC QUERY'!$A$7:$A$1000),'WOC QUERY'!$D$7:$BI$1000))/COUNT(IF(($A10='WOC QUERY'!$B$7:$B$1000)*(M$1='WOC QUERY'!$D$2:$BI$2)*(M$2='WOC QUERY'!$D$3:$BI$3)*(M$3='WOC QUERY'!$D$4:$BI$4)*(M$4='WOC QUERY'!$A$7:$A$1000),'WOC QUERY'!$D$7:$BI$1000))} -> #DIV/0! | N10: {=SUM(IF(($A10='WOC QUERY'!$B$7:$B$1000)*(N$1='WOC QUERY'!$D$2:$BI$2)*(N$2='WOC QUERY'!$D$3:$BI$3)*(N$3='WOC QUERY'!$D$4:$BI$4)*(N$5='WOC QUERY'!$A$7:$A$1000)*(N$4='WOC QUERY'!$A$7:$A$1000)*(N$6='WOC QUERY'!$A$7:$A$1000),'WOC QUERY'!$D$7:$BI$1000))/COUNT(IF(($A10='WOC QUERY'!$B$7:$B$1000)*(N$1='WOC QUERY'!$D$2:$BI$2)*(N$2='WOC QUERY'!$D$3:$BI$3)*(N$3='WOC QUERY'!$D$4:$BI$4)*(N$5='WOC QUERY'!$A$7:$A$1000)*(N$4='WOC QUERY'!$A$7:$A$1000)*(N$6='WOC QUERY'!$A$7:$A$1000),'WOC QUERY'!$D$7:$BI$1000))} -> #DIV/0! | O10: =+SUM(L10:N10) -> #DIV/0! | Q10: {=SUM(IF(($A10='WOC QUERY'!$B$7:$B$1000)*(Q$1='WOC QUERY'!$D$2:$BI$2)*(Q$2='WOC QUERY'!$D$3:$BI$3)*(Q$3='WOC QUERY'!$D$4:$BI$4)*(Q$4='WOC QUERY'!$A$7:$A$1000),'WOC QUERY'!$D$7:$BI$1000))/COUNT(IF(($A10='WOC QUERY'!$B$7:$B$1000)*(Q$1='WOC QUERY'!$D$2:$BI$2)*(Q$2='WOC QUERY'!$D$3:$BI$3)*(Q$3='WOC QUERY'!$D$4:$BI$4)*(Q$4='WOC QUERY'!$A$7:$A$1000),'WOC QUERY'!$D$7:$BI$1000))} -> 702.91409 | R10: {=SUM(IF(($A10='WOC QUERY'!$B$7:$B$1000)*(R$1='WOC QUERY'!$D$2:$BI$2)*(R$2='WOC QUERY'!$D$3:$BI$3)*(R$3='WOC QUERY'!$D$4:$BI$4)*(R$4='WOC QUERY'!$A$7:$A$1000),'WOC QUERY'!$D$7:$BI$1000))/COUNT(IF(($A10='WOC QUERY'!$B$7:$B$1000)*(R$1='WOC QUERY'!$D$2:$BI$2)*(R$2='WOC QUERY'!$D$3:$BI$3)*(R$3='WOC QUERY'!$D$4:$BI$4)*(R$4='WOC QUERY'!$A$7:$A$1000),'WOC QUERY'!$D$7:$BI$1000))} -> 148.7341 | S10: {=SUM(IF(($A10='WOC QUERY'!$B$7:$B$1000)*(S$1='WOC QUERY'!$D$2:$BI$2)*(S$2='WOC QUERY'!$D$3:$BI$3)*(S$3='WOC QUERY'!$D$4:$BI$4)*(S$5='WOC QUERY'!$A$7:$A$1000)*(S$4='WOC QUERY'!$A$7:$A$1000)*(S$6='WOC QUERY'!$A$7:$A$1000),'WOC QUERY'!$D$7:$BI$1000))/COUNT(IF(($A10='WOC QUERY'!$B$7:$B$1000)*(S$1='WOC QUERY'!$D$2:$BI$2)*(S$2='WOC QUERY'!$D$3:$BI$3)*(S$3='WOC QUERY'!$D$4:$BI$4)*(S$5='WOC QUERY'!$A$7:$A$1000)*(S$4='WOC QUERY'!$A$7:$A$1000)*(S$6='WOC QUERY'!$A$7:$A$1000),'WOC QUERY'!$D$7:$BI$1000))} -> #DIV/0! | T10: =SUM(Q10:S10) -> #DIV/0! | V10: {=SUM(IF(($A10='WOC QUERY'!$B$7:$B$1000)*(V$1='WOC QUERY'!$D$2:$BI$2)*(V$2='WOC QUERY'!$D$3:$BI$3)*(V$3='WOC QUERY'!$D$4:$BI$4)*(V$4='WOC QUERY'!$A$7:$A$1000),'WOC QUERY'!$D$7:$BI$1000))/COUNT(IF(($A10='WOC QUERY'!$B$7:$B$1000)*(V$1='WOC QUERY'!$D$2:$BI$2)*(V$2='WOC QUERY'!$D$3:$BI$3)*(V$3='WOC QUERY'!$D$4:$BI$4)*(V$4='WOC QUERY'!$A$7:$A$1000),'WOC QUERY'!$D$7:$BI$1000))} -> 722.72721 | W10: {=SUM(IF(($A10='WOC QUERY'!$B$7:$B$1000)*(W$1='WOC QUERY'!$D$2:$BI$2)*(W$2='WOC QUERY'!$D$3:$BI$3)*(W$3='WOC QUERY'!$D$4:$BI$4)*(W$4='WOC QUERY'!$A$7:$A$1000),'WOC QUERY'!$D$7:$BI$1000))/COUNT(IF(($A10='WOC QUERY'!$B$7:$B$1000)*(W$1='WOC QUERY'!$D$2:$BI$2)*(W$2='WOC QUERY'!$D$3:$BI$3)*(W$3='WOC QUERY'!$D$4:$BI$4)*(W$4='WOC QUERY'!$A$7:$A$1000),'WOC QUERY'!$D$7:$BI$1000))} -> 152.17391 | X10: {=SUM(IF(($A10='WOC QUERY'!$B$7:$B$1000)*(X$1='WOC QUERY'!$D$2:$BI$2)*(X$2='WOC QUERY'!$D$3:$BI$3)*(X$3='WOC QUERY'!$D$4:$BI$4)*(X$5='WOC QUERY'!$A$7:$A$1000)*(X$4='WOC QUERY'!$A$7:$A$1000)*(X$6='WOC QUERY'!$A$7:$A$1000),'WOC QUERY'!$D$7:$BI$1000))/COUNT(IF(($A10='WOC QUERY'!$B$7:$B$1000)*(X$1='WOC QUERY'!$D$2:$BI$2)*(X$2='WOC QUERY'!$D$3:$BI$3)*(X$3='WOC QUERY'!$D$4:$BI$4)*(X$5='WOC QUERY'!$A$7:$A$1000)*(X$4='WOC QUERY'!$A$7:$A$1000)*(X$6='WOC QUERY'!$A$7:$A$1000),'WOC QUERY'!$D$7:$BI$1000))} -> #DIV/0! | Y10: =SUM(V10:X10) -> #DIV/0! | AA10: {=SUM(IF(($A10='WOC QUERY'!$B$7:$B$1000)*(AA$1='WOC QUERY'!$D$2:$BI$2)*(AA$2='WOC QUERY'!$D$3:$BI$3)*(AA$3='WOC QUERY'!$D$4:$BI$4)*(AA$4='WOC QUERY'!$A$7:$A$1000),'WOC QUERY'!$D$7:$BI$1000))/COUNT(IF(($A10='WOC QUERY'!$B$7:$B$1000)*(AA$1='WOC QUERY'!$D$2:$BI$2)*(AA$2='WOC QUERY'!$D$3:$BI$3)*(AA$3='WOC QUERY'!$D$4:$BI$4)*(AA$4='WOC QUERY'!$A$7:$A$1000),'WOC QUERY'!$D$7:$BI$1000))} -> #DIV/0! | AB10: {=SUM(IF(($A10='WOC QUERY'!$B$7:$B$1000)*(AB$1='WOC QUERY'!$D$2:$BI$2)*(AB$2='WOC QUERY'!$D$3:$BI$3)*(AB$3='WOC QUERY'!$D$4:$BI$4)*(AB$4='WOC QUERY'!$A$7:$A$1000),'WOC QUERY'!$D$7:$BI$1000))/COUNT(IF(($A10='WOC QUERY'!$B$7:$B$1000)*(AB$1='WOC QUERY'!$D$2:$BI$2)*(AB$2='WOC QUERY'!$D$3:$BI$3)*(AB$3='WOC QUERY'!$D$4:$BI$4)*(AB$4='WOC QUERY'!$A$7:$A$1000),'WOC QUERY'!$D$7:$BI$1000))} -> #DIV/0! | AC10: {=SUM(IF(($A10='WOC QUERY'!$B$7:$B$1000)*(AC$1='WOC QUERY'!$D$2:$BI$2)*(AC$2='WOC QUERY'!$D$3:$BI$3)*(AC$3='WOC QUERY'!$D$4:$BI$4)*(AC$5='WOC QUERY'!$A$7:$A$1000)*(AC$4='WOC QUERY'!$A$7:$A$1000)*(AC$6='WOC QUERY'!$A$7:$A$1000),'WOC QUERY'!$D$7:$BI$1000))/COUNT(IF(($A10='WOC QUERY'!$B$7:$B$1000)*(AC$1='WOC QUERY'!$D$2:$BI$2)*(AC$2='WOC QUERY'!$D$3:$BI$3)*(AC$3='WOC QUERY'!$D$4:$BI$4)*(AC$5='WOC QUERY'!$A$7:$A$1000)*(AC$4='WOC QUERY'!$A$7:$A$1000)*(AC$6='WOC QUERY'!$A$7:$A$1000),'WOC QUERY'!$D$7:$BI$1000))} -> #DIV/0! | AD10: =SUM(AA10:AC10) -> #DIV/0!
A11: MRO Component repairs & PBH | B11: =A11 -> MRO Component repairs & PBH | D11: {=SUM(IF(($A11='WOC QUERY'!$B$7:$B$1000)*(D$1='WOC QUERY'!$D$2:$BI$2)*(D$2='WOC QUERY'!$D$3:$BI$3)*(D$3='WOC QUERY'!$D$4:$BI$4)*(D$4='WOC QUERY'!$A$7:$A$1000),'WOC QUERY'!$D$7:$BI$1000))/COUNT(IF(($A11='WOC QUERY'!$B$7:$B$1000)*(D$1='WOC QUERY'!$D$2:$BI$2)*(D$2='WOC QUERY'!$D$3:$BI$3)*(D$3='WOC QUERY'!$D$4:$BI$4)*(D$4='WOC QUERY'!$A$7:$A$1000),'WOC QUERY'!$D$7:$BI$1000))} -> 189.99289 | E11: {=SUM(IF(($A11='WOC QUERY'!$B$7:$B$1000)*(E$1='WOC QUERY'!$D$2:$BI$2)*(E$2='WOC QUERY'!$D$3:$BI$3)*(E$3='WOC QUERY'!$D$4:$BI$4)*(E$4='WOC QUERY'!$A$7:$A$1000),'WOC QUERY'!$D$7:$BI$1000))/COUNT(IF(($A11='WOC QUERY'!$B$7:$B$1000)*(E$1='WOC QUERY'!$D$2:$BI$2)*(E$2='WOC QUERY'!$D$3:$BI$3)*(E$3='WOC QUERY'!$D$4:$BI$4)*(E$4='WOC QUERY'!$A$7:$A$1000),'WOC QUERY'!$D$7:$BI$1000))} -> 156.82325 | F11: =SUM(G11:I11) -> #DIV/0! | G11: {=SUM(IF(($A11='WOC QUERY'!$B$7:$B$1000)*(G$1='WOC QUERY'!$D$2:$BI$2)*(G$2='WOC QUERY'!$D$3:$BI$3)*(G$3='WOC QUERY'!$D$4:$BI$4)*(G$4='WOC QUERY'!$A$7:$A$1000),'WOC QUERY'!$D$7:$BI$1000))/COUNT(IF(($A11='WOC QUERY'!$B$7:$B$1000)*(G$1='WOC QUERY'!$D$2:$BI$2)*(G$2='WOC QUERY'!$D$3:$BI$3)*(G$3='WOC QUERY'!$D$4:$BI$4)*(G$4='WOC QUERY'!$A$7:$A$1000),'WOC QUERY'!$D$7:$BI$1000))} -> -121.40064 | H11: {=SUM(IF(($A11='WOC QUERY'!$B$7:$B$1000)*(H$1='WOC QUERY'!$D$2:$BI$2)*(H$2='WOC QUERY'!$D$3:$BI$3)*(H$3='WOC QUERY'!$D$4:$BI$4)*(H$4='WOC QUERY'!$A$7:$A$1000),'WOC QUERY'!$D$7:$BI$1000))/COUNT(IF(($A11='WOC QUERY'!$B$7:$B$1000)*(H$1='WOC QUERY'!$D$2:$BI$2)*(H$2='WOC QUERY'!$D$3:$BI$3)*(H$3='WOC QUERY'!$D$4:$BI$4)*(H$4='WOC QUERY'!$A$7:$A$1000),'WOC QUERY'!$D$7:$BI$1000))} -> -159.09574 | I11: {=SUM(IF(($A11='WOC QUERY'!$B$7:$B$1000)*(I$1='WOC QUERY'!$D$2:$BI$2)*(I$2='WOC QUERY'!$D$3:$BI$3)*(I$3='WOC QUERY'!$D$4:$BI$4)*(I$4='WOC QUERY'!$A$7:$A$1000),'WOC QUERY'!$D$7:$BI$1000))/COUNT(IF(($A11='WOC QUERY'!$B$7:$B$1000)*(I$1='WOC QUERY'!$D$2:$BI$2)*(I$2='WOC QUERY'!$D$3:$BI$3)*(I$3='WOC QUERY'!$D$4:$BI$4)*(I$4='WOC QUERY'!$A$7:$A$1000),'WOC QUERY'!$D$7:$BI$1000))} -> #DIV/0! | J11: =SUM(D11:F11) -> #DIV/0! | L11: {=SUM(IF(($A11='WOC QUERY'!$B$7:$B$1000)*(L$1='WOC QUERY'!$D$2:$BI$2)*(L$2='WOC QUERY'!$D$3:$BI$3)*(L$3='WOC QUERY'!$D$4:$BI$4)*(L$4='WOC QUERY'!$A$7:$A$1000),'WOC QUERY'!$D$7:$BI$1000))/COUNT(IF(($A11='WOC QUERY'!$B$7:$B$1000)*(L$1='WOC QUERY'!$D$2:$BI$2)*(L$2='WOC QUERY'!$D$3:$BI$3)*(L$3='WOC QUERY'!$D$4:$BI$4)*(L$4='WOC QUERY'!$A$7:$A$1000),'WOC QUERY'!$D$7:$BI$1000))} -> #DIV/0! | M11: {=SUM(IF(($A11='WOC QUERY'!$B$7:$B$1000)*(M$1='WOC QUERY'!$D$2:$BI$2)*(M$2='WOC QUERY'!$D$3:$BI$3)*(M$3='WOC QUERY'!$D$4:$BI$4)*(M$4='WOC QUERY'!$A$7:$A$1000),'WOC QUERY'!$D$7:$BI$1000))/COUNT(IF(($A11='WOC QUERY'!$B$7:$B$1000)*(M$1='WOC QUERY'!$D$2:$BI$2)*(M$2='WOC QUERY'!$D$3:$BI$3)*(M$3='WOC QUERY'!$D$4:$BI$4)*(M$4='WOC QUERY'!$A$7:$A$1000),'WOC QUERY'!$D$7:$BI$1000))} -> #DIV/0! | N11: {=SUM(IF(($A11='WOC QUERY'!$B$7:$B$1000)*(N$1='WOC QUERY'!$D$2:$BI$2)*(N$2='WOC QUERY'!$D$3:$BI$3)*(N$3='WOC QUERY'!$D$4:$BI$4)*(N$5='WOC QUERY'!$A$7:$A$1000)*(N$4='WOC QUERY'!$A$7:$A$1000)*(N$6='WOC QUERY'!$A$7:$A$1000),'WOC QUERY'!$D$7:$BI$1000))/COUNT(IF(($A11='WOC QUERY'!$B$7:$B$1000)*(N$1='WOC QUERY'!$D$2:$BI$2)*(N$2='WOC QUERY'!$D$3:$BI$3)*(N$3='WOC QUERY'!$D$4:$BI$4)*(N$5='WOC QUERY'!$A$7:$A$1000)*(N$4='WOC QUERY'!$A$7:$A$1000)*(N$6='WOC QUERY'!$A$7:$A$1000),'WOC QUERY'!$D$7:$BI$1000))} -> #DIV/0! | O11: =+SUM(L11:N11) -> #DIV/0! | Q11: {=SUM(IF(($A11='WOC QUERY'!$B$7:$B$1000)*(Q$1='WOC QUERY'!$D$2:$BI$2)*(Q$2='WOC QUERY'!$D$3:$BI$3)*(Q$3='WOC QUERY'!$D$4:$BI$4)*(Q$4='WOC QUERY'!$A$7:$A$1000),'WOC QUERY'!$D$7:$BI$1000))/COUNT(IF(($A11='WOC QUERY'!$B$7:$B$1000)*(Q$1='WOC QUERY'!$D$2:$BI$2)*(Q$2='WOC QUERY'!$D$3:$BI$3)*(Q$3='WOC QUERY'!$D$4:$BI$4)*(Q$4='WOC QUERY'!$A$7:$A$1000),'WOC QUERY'!$D$7:$BI$1000))} -> 196.64571 | R11: {=SUM(IF(($A11='WOC QUERY'!$B$7:$B$1000)*(R$1='WOC QUERY'!$D$2:$BI$2)*(R$2='WOC QUERY'!$D$3:$BI$3)*(R$3='WOC QUERY'!$D$4:$BI$4)*(R$4='WOC QUERY'!$A$7:$A$1000),'WOC QUERY'!$D$7:$BI$1000))/COUNT(IF(($A11='WOC QUERY'!$B$7:$B$1000)*(R$1='WOC QUERY'!$D$2:$BI$2)*(R$2='WOC QUERY'!$D$3:$BI$3)*(R$3='WOC QUERY'!$D$4:$BI$4)*(R$4='WOC QUERY'!$A$7:$A$1000),'WOC QUERY'!$D$7:$BI$1000))} -> 85.548981 | S11: {=SUM(IF(($A11='WOC QUERY'!$B$7:$B$1000)*(S$1='WOC QUERY'!$D$2:$BI$2)*(S$2='WOC QUERY'!$D$3:$BI$3)*(S$3='WOC QUERY'!$D$4:$BI$4)*(S$5='WOC QUERY'!$A$7:$A$1000)*(S$4='WOC QUERY'!$A$7:$A$1000)*(S$6='WOC QUERY'!$A$7:$A$1000),'WOC QUERY'!$D$7:$BI$1000))/COUNT(IF(($A11='WOC QUERY'!$B$7:$B$1000)*(S$1='WOC QUERY'!$D$2:$BI$2)*(S$2='WOC QUERY'!$D$3:$BI$3)*(S$3='WOC QUERY'!$D$4:$BI$4)*(S$5='WOC QUERY'!$A$7:$A$1000)*(S$4='WOC QUERY'!$A$7:$A$1000)*(S$6='WOC QUERY'!$A$7:$A$1000),'WOC QUERY'!$D$7:$BI$1000))} -> #DIV/0! | T11: =SUM(Q11:S11) -> #DIV/0! | V11: {=SUM(IF(($A11='WOC QUERY'!$B$7:$B$1000)*(V$1='WOC QUERY'!$D$2:$BI$2)*(V$2='WOC QUERY'!$D$3:$BI$3)*(V$3='WOC QUERY'!$D$4:$BI$4)*(V$4='WOC QUERY'!$A$7:$A$1000),'WOC QUERY'!$D$7:$BI$1000))/COUNT(IF(($A11='WOC QUERY'!$B$7:$B$1000)*(V$1='WOC QUERY'!$D$2:$BI$2)*(V$2='WOC QUERY'!$D$3:$BI$3)*(V$3='WOC QUERY'!$D$4:$BI$4)*(V$4='WOC QUERY'!$A$7:$A$1000),'WOC QUERY'!$D$7:$BI$1000))} -> 197.56304 | W11: {=SUM(IF(($A11='WOC QUERY'!$B$7:$B$1000)*(W$1='WOC QUERY'!$D$2:$BI$2)*(W$2='WOC QUERY'!$D$3:$BI$3)*(W$3='WOC QUERY'!$D$4:$BI$4)*(W$4='WOC QUERY'!$A$7:$A$1000),'WOC QUERY'!$D$7:$BI$1000))/COUNT(IF(($A11='WOC QUERY'!$B$7:$B$1000)*(W$1='WOC QUERY'!$D$2:$BI$2)*(W$2='WOC QUERY'!$D$3:$BI$3)*(W$3='WOC QUERY'!$D$4:$BI$4)*(W$4='WOC QUERY'!$A$7:$A$1000),'WOC QUERY'!$D$7:$BI$1000))} -> 92.602223 | X11: {=SUM(IF(($A11='WOC QUERY'!$B$7:$B$1000)*(X$1='WOC QUERY'!$D$2:$BI$2)*(X$2='WOC QUERY'!$D$3:$BI$3)*(X$3='WOC QUERY'!$D$4:$BI$4)*(X$5='WOC QUERY'!$A$7:$A$1000)*(X$4='WOC QUERY'!$A$7:$A$1000)*(X$6='WOC QUERY'!$A$7:$A$1000),'WOC QUERY'!$D$7:$BI$1000))/COUNT(IF(($A11='WOC QUERY'!$B$7:$B$1000)*(X$1='WOC QUERY'!$D$2:$BI$2)*(X$2='WOC QUERY'!$D$3:$BI$3)*(X$3='WOC QUERY'!$D$4:$BI$4)*(X$5='WOC QUERY'!$A$7:$A$1000)*(X$4='WOC QUERY'!$A$7:$A$1000)*(X$6='WOC QUERY'!$A$7:$A$1000),'WOC QUERY'!$D$7:$BI$1000))} -> #DIV/0! | Y11: =SUM(V11:X11) -> #DIV/0! | AA11: {=SUM(IF(($A11='WOC QUERY'!$B$7:$B$1000)*(AA$1='WOC QUERY'!$D$2:$BI$2)*(AA$2='WOC QUERY'!$D$3:$BI$3)*(AA$3='WOC QUERY'!$D$4:$BI$4)*(AA$4='WOC QUERY'!$A$7:$A$1000),'WOC QUERY'!$D$7:$BI$1000))/COUNT(IF(($A11='WOC QUERY'!$B$7:$B$1000)*(AA$1='WOC QUERY'!$D$2:$BI$2)*(AA$2='WOC QUERY'!$D$3:$BI$3)*(AA$3='WOC QUERY'!$D$4:$BI$4)*(AA$4='WOC QUERY'!$A$7:$A$1000),'WOC QUERY'!$D$7:$BI$1000))} -> #DIV/0! | AB11: {=SUM(IF(($A11='WOC QUERY'!$B$7:$B$1000)*(AB$1='WOC QUERY'!$D$2:$BI$2)*(AB$2='WOC QUERY'!$D$3:$BI$3)*(AB$3='WOC QUERY'!$D$4:$BI$4)*(AB$4='WOC QUERY'!$A$7:$A$1000),'WOC QUERY'!$D$7:$BI$1000))/COUNT(IF(($A11='WOC QUERY'!$B$7:$B$1000)*(AB$1='WOC QUERY'!$D$2:$BI$2)*(AB$2='WOC QUERY'!$D$3:$BI$3)*(AB$3='WOC QUERY'!$D$4:$BI$4)*(AB$4='WOC QUERY'!$A$7:$A$1000),'WOC QUERY'!$D$7:$BI$1000))} -> #DIV/0! | AC11: {=SUM(IF(($A11='WOC QUERY'!$B$7:$B$1000)*(AC$1='WOC QUERY'!$D$2:$BI$2)*(AC$2='WOC QUERY'!$D$3:$BI$3)*(AC$3='WOC QUERY'!$D$4:$BI$4)*(AC$5='WOC QUERY'!$A$7:$A$1000)*(AC$4='WOC QUERY'!$A$7:$A$1000)*(AC$6='WOC QUERY'!$A$7:$A$1000),'WOC QUERY'!$D$7:$BI$1000))/COUNT(IF(($A11='WOC QUERY'!$B$7:$B$1000)*(AC$1='WOC QUERY'!$D$2:$BI$2)*(AC$2='WOC QUERY'!$D$3:$BI$3)*(AC$3='WOC QUERY'!$D$4:$BI$4)*(AC$5='WOC QUERY'!$A$7:$A$1000)*(AC$4='WOC QUERY'!$A$7:$A$1000)*(AC$6='WOC QUERY'!$A$7:$A$1000),'WOC QUERY'!$D$7:$BI$1000))} -> #DIV/0! | AD11: =SUM(AA11:AC11) -> #DIV/0!
A12: MRO Aircraft | B12: =A12 -> MRO Aircraft | D12: {=SUM(IF(($A12='WOC QUERY'!$B$7:$B$1000)*(D$1='WOC QUERY'!$D$2:$BI$2)*(D$2='WOC QUERY'!$D$3:$BI$3)*(D$3='WOC QUERY'!$D$4:$BI$4)*(D$4='WOC QUERY'!$A$7:$A$1000),'WOC QUERY'!$D$7:$BI$1000))/COUNT(IF(($A12='WOC QUERY'!$B$7:$B$1000)*(D$1='WOC QUERY'!$D$2:$BI$2)*(D$2='WOC QUERY'!$D$3:$BI$3)*(D$3='WOC QUERY'!$D$4:$BI$4)*(D$4='WOC QUERY'!$A$7:$A$1000),'WOC QUERY'!$D$7:$BI$1000))} -> 64.074292 | E12: {=SUM(IF(($A12='WOC QUERY'!$B$7:$B$1000)*(E$1='WOC QUERY'!$D$2:$BI$2)*(E$2='WOC QUERY'!$D$3:$BI$3)*(E$3='WOC QUERY'!$D$4:$BI$4)*(E$4='WOC QUERY'!$A$7:$A$1000),'WOC QUERY'!$D$7:$BI$1000))/COUNT(IF(($A12='WOC QUERY'!$B$7:$B$1000)*(E$1='WOC QUERY'!$D$2:$BI$2)*(E$2='WOC QUERY'!$D$3:$BI$3)*(E$3='WOC QUERY'!$D$4:$BI$4)*(E$4='WOC QUERY'!$A$7:$A$1000),'WOC QUERY'!$D$7:$BI$1000))} -> 76.725741 | F12: =SUM(G12:I12) -> #DIV/0! | G12: {=SUM(IF(($A12='WOC QUERY'!$B$7:$B$1000)*(G$1='WOC QUERY'!$D$2:$BI$2)*(G$2='WOC QUERY'!$D$3:$BI$3)*(G$3='WOC QUERY'!$D$4:$BI$4)*(G$4='WOC QUERY'!$A$7:$A$1000),'WOC QUERY'!$D$7:$BI$1000))/COUNT(IF(($A12='WOC QUERY'!$B$7:$B$1000)*(G$1='WOC QUERY'!$D$2:$BI$2)*(G$2='WOC QUERY'!$D$3:$BI$3)*(G$3='WOC QUERY'!$D$4:$BI$4)*(G$4='WOC QUERY'!$A$7:$A$1000),'WOC QUERY'!$D$7:$BI$1000))} -> -85.014013 | H12: {=SUM(IF(($A12='WOC QUERY'!$B$7:$B$1000)*(H$1='WOC QUERY'!$D$2:$BI$2)*(H$2='WOC QUERY'!$D$3:$BI$3)*(H$3='WOC QUERY'!$D$4:$BI$4)*(H$4='WOC QUERY'!$A$7:$A$1000),'WOC QUERY'!$D$7:$BI$1000))/COUNT(IF(($A12='WOC QUERY'!$B$7:$B$1000)*(H$1='WOC QUERY'!$D$2:$BI$2)*(H$2='WOC QUERY'!$D$3:$BI$3)*(H$3='WOC QUERY'!$D$4:$BI$4)*(H$4='WOC QUERY'!$A$7:$A$1000),'WOC QUERY'!$D$7:$BI$1000))} -> -1.6949002 | I12: {=SUM(IF(($A12='WOC QUERY'!$B$7:$B$1000)*(I$1='WOC QUERY'!$D$2:$BI$2)*(I$2='WOC QUERY'!$D$3:$BI$3)*(I$3='WOC QUERY'!$D$4:$BI$4)*(I$4='WOC QUERY'!$A$7:$A$1000),'WOC QUERY'!$D$7:$BI$1000))/COUNT(IF(($A12='WOC QUERY'!$B$7:$B$1000)*(I$1='WOC QUERY'!$D$2:$BI$2)*(I$2='WOC QUERY'!$D$3:$BI$3)*(I$3='WOC QUERY'!$D$4:$BI$4)*(I$4='WOC QUERY'!$A$7:$A$1000),'WOC QUERY'!$D$7:$BI$1000))} -> #DIV/0! | J12: =SUM(D12:F12) -> #DIV/0! | L12: {=SUM(IF(($A12='WOC QUERY'!$B$7:$B$1000)*(L$1='WOC QUERY'!$D$2:$BI$2)*(L$2='WOC QUERY'!$D$3:$BI$3)*(L$3='WOC QUERY'!$D$4:$BI$4)*(L$4='WOC QUERY'!$A$7:$A$1000),'WOC QUERY'!$D$7:$BI$1000))/COUNT(IF(($A12='WOC QUERY'!$B$7:$B$1000)*(L$1='WOC QUERY'!$D$2:$BI$2)*(L$2='WOC QUERY'!$D$3:$BI$3)*(L$3='WOC QUERY'!$D$4:$BI$4)*(L$4='WOC QUERY'!$A$7:$A$1000),'WOC QUERY'!$D$7:$BI$1000))} -> #DIV/0! | M12: {=SUM(IF(($A12='WOC QUERY'!$B$7:$B$1000)*(M$1='WOC QUERY'!$D$2:$BI$2)*(M$2='WOC QUERY'!$D$3:$BI$3)*(M$3='WOC QUERY'!$D$4:$BI$4)*(M$4='WOC QUERY'!$A$7:$A$1000),'WOC QUERY'!$D$7:$BI$1000))/COUNT(IF(($A12='WOC QUERY'!$B$7:$B$1000)*(M$1='WOC QUERY'!$D$2:$BI$2)*(M$2='WOC QUERY'!$D$3:$BI$3)*(M$3='WOC QUERY'!$D$4:$BI$4)*(M$4='WOC QUERY'!$A$7:$A$1000),'WOC QUERY'!$D$7:$BI$1000))} -> #DIV/0! | N12: {=SUM(IF(($A12='WOC QUERY'!$B$7:$B$1000)*(N$1='WOC QUERY'!$D$2:$BI$2)*(N$2='WOC QUERY'!$D$3:$BI$3)*(N$3='WOC QUERY'!$D$4:$BI$4)*(N$5='WOC QUERY'!$A$7:$A$1000)*(N$4='WOC QUERY'!$A$7:$A$1000)*(N$6='WOC QUERY'!$A$7:$A$1000),'WOC QUERY'!$D$7:$BI$1000))/COUNT(IF(($A12='WOC QUERY'!$B$7:$B$1000)*(N$1='WOC QUERY'!$D$2:$BI$2)*(N$2='WOC QUERY'!$D$3:$BI$3)*(N$3='WOC QUERY'!$D$4:$BI$4)*(N$5='WOC QUERY'!$A$7:$A$1000)*(N$4='WOC QUERY'!$A$7:$A$1000)*(N$6='WOC QUERY'!$A$7:$A$1000),'WOC QUERY'!$D$7:$BI$1000))} -> #DIV/0! | O12: =+SUM(L12:N12) -> #DIV/0! | Q12: {=SUM(IF(($A12='WOC QUERY'!$B$7:$B$1000)*(Q$1='WOC QUERY'!$D$2:$BI$2)*(Q$2='WOC QUERY'!$D$3:$BI$3)*(Q$3='WOC QUERY'!$D$4:$BI$4)*(Q$4='WOC QUERY'!$A$7:$A$1000),'WOC QUERY'!$D$7:$BI$1000))/COUNT(IF(($A12='WOC QUERY'!$B$7:$B$1000)*(Q$1='WOC QUERY'!$D$2:$BI$2)*(Q$2='WOC QUERY'!$D$3:$BI$3)*(Q$3='WOC QUERY'!$D$4:$BI$4)*(Q$4='WOC QUERY'!$A$7:$A$1000),'WOC QUERY'!$D$7:$BI$1000))} -> 55.732117 | R12: {=SUM(IF(($A12='WOC QUERY'!$B$7:$B$1000)*(R$1='WOC QUERY'!$D$2:$BI$2)*(R$2='WOC QUERY'!$D$3:$BI$3)*(R$3='WOC QUERY'!$D$4:$BI$4)*(R$4='WOC QUERY'!$A$7:$A$1000),'WOC QUERY'!$D$7:$BI$1000))/COUNT(IF(($A12='WOC QUERY'!$B$7:$B$1000)*(R$1='WOC QUERY'!$D$2:$BI$2)*(R$2='WOC QUERY'!$D$3:$BI$3)*(R$3='WOC QUERY'!$D$4:$BI$4)*(R$4='WOC QUERY'!$A$7:$A$1000),'WOC QUERY'!$D$7:$BI$1000))} -> 62.697558 | S12: {=SUM(IF(($A12='WOC QUERY'!$B$7:$B$1000)*(S$1='WOC QUERY'!$D$2:$BI$2)*(S$2='WOC QUERY'!$D$3:$BI$3)*(S$3='WOC QUERY'!$D$4:$BI$4)*(S$5='WOC QUERY'!$A$7:$A$1000)*(S$4='WOC QUERY'!$A$7:$A$1000)*(S$6='WOC QUERY'!$A$7:$A$1000),'WOC QUERY'!$D$7:$BI$1000))/COUNT(IF(($A12='WOC QUERY'!$B$7:$B$1000)*(S$1='WOC QUERY'!$D$2:$BI$2)*(S$2='WOC QUERY'!$D$3:$BI$3)*(S$3='WOC QUERY'!$D$4:$BI$4)*(S$5='WOC QUERY'!$A$7:$A$1000)*(S$4='WOC QUERY'!$A$7:$A$1000)*(S$6='WOC QUERY'!$A$7:$A$1000),'WOC QUERY'!$D$7:$BI$1000))} -> #DIV/0! | T12: =SUM(Q12:S12) -> #DIV/0! | V12: {=SUM(IF(($A12='WOC QUERY'!$B$7:$B$1000)*(V$1='WOC QUERY'!$D$2:$BI$2)*(V$2='WOC QUERY'!$D$3:$BI$3)*(V$3='WOC QUERY'!$D$4:$BI$4)*(V$4='WOC QUERY'!$A$7:$A$1000),'WOC QUERY'!$D$7:$BI$1000))/COUNT(IF(($A12='WOC QUERY'!$B$7:$B$1000)*(V$1='WOC QUERY'!$D$2:$BI$2)*(V$2='WOC QUERY'!$D$3:$BI$3)*(V$3='WOC QUERY'!$D$4:$BI$4)*(V$4='WOC QUERY'!$A$7:$A$1000),'WOC QUERY'!$D$7:$BI$1000))} -> 62.761449 | W12: {=SUM(IF(($A12='WOC QUERY'!$B$7:$B$1000)*(W$1='WOC QUERY'!$D$2:$BI$2)*(W$2='WOC QUERY'!$D$3:$BI$3)*(W$3='WOC QUERY'!$D$4:$BI$4)*(W$4='WOC QUERY'!$A$7:$A$1000),'WOC QUERY'!$D$7:$BI$1000))/COUNT(IF(($A12='WOC QUERY'!$B$7:$B$1000)*(W$1='WOC QUERY'!$D$2:$BI$2)*(W$2='WOC QUERY'!$D$3:$BI$3)*(W$3='WOC QUERY'!$D$4:$BI$4)*(W$4='WOC QUERY'!$A$7:$A$1000),'WOC QUERY'!$D$7:$BI$1000))} -> 59.72831 | X12: {=SUM(IF(($A12='WOC QUERY'!$B$7:$B$1000)*(X$1='WOC QUERY'!$D$2:$BI$2)*(X$2='WOC QUERY'!$D$3:$BI$3)*(X$3='WOC QUERY'!$D$4:$BI$4)*(X$5='WOC QUERY'!$A$7:$A$1000)*(X$4='WOC QUERY'!$A$7:$A$1000)*(X$6='WOC QUERY'!$A$7:$A$1000),'WOC QUERY'!$D$7:$BI$1000))/COUNT(IF(($A12='WOC QUERY'!$B$7:$B$1000)*(X$1='WOC QUERY'!$D$2:$BI$2)*(X$2='WOC QUERY'!$D$3:$BI$3)*(X$3='WOC QUERY'!$D$4:$BI$4)*(X$5='WOC QUERY'!$A$7:$A$1000)*(X$4='WOC QUERY'!$A$7:$A$1000)*(X$6='WOC QUERY'!$A$7:$A$1000),'WOC QUERY'!$D$7:$BI$1000))} -> #DIV/0! | Y12: =SUM(V12:X12) -> #DIV/0! | AA12: {=SUM(IF(($A12='WOC QUERY'!$B$7:$B$1000)*(AA$1='WOC QUERY'!$D$2:$BI$2)*(AA$2='WOC QUERY'!$D$3:$BI$3)*(AA$3='WOC QUERY'!$D$4:$BI$4)*(AA$4='WOC QUERY'!$A$7:$A$1000),'WOC QUERY'!$D$7:$BI$1000))/COUNT(IF(($A12='WOC QUERY'!$B$7:$B$1000)*(AA$1='WOC QUERY'!$D$2:$BI$2)*(AA$2='WOC QUERY'!$D$3:$BI$3)*(AA$3='WOC QUERY'!$D$4:$BI$4)*(AA$4='WOC QUERY'!$A$7:$A$1000),'WOC QUERY'!$D$7:$BI$1000))} -> #DIV/0! | AB12: {=SUM(IF(($A12='WOC QUERY'!$B$7:$B$1000)*(AB$1='WOC QUERY'!$D$2:$BI$2)*(AB$2='WOC QUERY'!$D$3:$BI$3)*(AB$3='WOC QUERY'!$D$4:$BI$4)*(AB$4='WOC QUERY'!$A$7:$A$1000),'WOC QUERY'!$D$7:$BI$1000))/COUNT(IF(($A12='WOC QUERY'!$B$7:$B$1000)*(AB$1='WOC QUERY'!$D$2:$BI$2)*(AB$2='WOC QUERY'!$D$3:$BI$3)*(AB$3='WOC QUERY'!$D$4:$BI$4)*(AB$4='WOC QUERY'!$A$7:$A$1000),'WOC QUERY'!$D$7:$BI$1000))} -> #DIV/0! | AC12: {=SUM(IF(($A12='WOC QUERY'!$B$7:$B$1000)*(AC$1='WOC QUERY'!$D$2:$BI$2)*(AC$2='WOC QUERY'!$D$3:$BI$3)*(AC$3='WOC QUERY'!$D$4:$BI$4)*(AC$5='WOC QUERY'!$A$7:$A$1000)*(AC$4='WOC QUERY'!$A$7:$A$1000)*(AC$6='WOC QUERY'!$A$7:$A$1000),'WOC QUERY'!$D$7:$BI$1000))/COUNT(IF(($A12='WOC QUERY'!$B$7:$B$1000)*(AC$1='WOC QUERY'!$D$2:$BI$2)*(AC$2='WOC QUERY'!$D$3:$BI$3)*(AC$3='WOC QUERY'!$D$4:$BI$4)*(AC$5='WOC QUERY'!$A$7:$A$1000)*(AC$4='WOC QUERY'!$A$7:$A$1000)*(AC$6='WOC QUERY'!$A$7:$A$1000),'WOC QUERY'!$D$7:$BI$1000))} -> #DIV/0! | AD12: =SUM(AA12:AC12) -> #DIV/0!
A13: Military Support Center France | B13: =A13 -> Military Support Center France | D13: {=SUM(IF(($A13='WOC QUERY'!$B$7:$B$1000)*(D$1='WOC QUERY'!$D$2:$BI$2)*(D$2='WOC QUERY'!$D$3:$BI$3)*(D$3='WOC QUERY'!$D$4:$BI$4)*(D$4='WOC QUERY'!$A$7:$A$1000),'WOC QUERY'!$D$7:$BI$1000))/COUNT(IF(($A13='WOC QUERY'!$B$7:$B$1000)*(D$1='WOC QUERY'!$D$2:$BI$2)*(D$2='WOC QUERY'!$D$3:$BI$3)*(D$3='WOC QUERY'!$D$4:$BI$4)*(D$4='WOC QUERY'!$A$7:$A$1000),'WOC QUERY'!$D$7:$BI$1000))} -> 69.250327 | E13: {=SUM(IF(($A13='WOC QUERY'!$B$7:$B$1000)*(E$1='WOC QUERY'!$D$2:$BI$2)*(E$2='WOC QUERY'!$D$3:$BI$3)*(E$3='WOC QUERY'!$D$4:$BI$4)*(E$4='WOC QUERY'!$A$7:$A$1000),'WOC QUERY'!$D$7:$BI$1000))/COUNT(IF(($A13='WOC QUERY'!$B$7:$B$1000)*(E$1='WOC QUERY'!$D$2:$BI$2)*(E$2='WOC QUERY'!$D$3:$BI$3)*(E$3='WOC QUERY'!$D$4:$BI$4)*(E$4='WOC QUERY'!$A$7:$A$1000),'WOC QUERY'!$D$7:$BI$1000))} -> 129.80458 | F13: =SUM(G13:I13) -> #DIV/0! | G13: {=SUM(IF(($A13='WOC QUERY'!$B$7:$B$1000)*(G$1='WOC QUERY'!$D$2:$BI$2)*(G$2='WOC QUERY'!$D$3:$BI$3)*(G$3='WOC QUERY'!$D$4:$BI$4)*(G$4='WOC QUERY'!$A$7:$A$1000),'WOC QUERY'!$D$7:$BI$1000))/COUNT(IF(($A13='WOC QUERY'!$B$7:$B$1000)*(G$1='WOC QUERY'!$D$2:$BI$2)*(G$2='WOC QUERY'!$D$3:$BI$3)*(G$3='WOC QUERY'!$D$4:$BI$4)*(G$4='WOC QUERY'!$A$7:$A$1000),'WOC QUERY'!$D$7:$BI$1000))} -> -81.220565 | H13: {=SUM(IF(($A13='WOC QUERY'!$B$7:$B$1000)*(H$1='WOC QUERY'!$D$2:$BI$2)*(H$2='WOC QUERY'!$D$3:$BI$3)*(H$3='WOC QUERY'!$D$4:$BI$4)*(H$4='WOC QUERY'!$A$7:$A$1000),'WOC QUERY'!$D$7:$BI$1000))/COUNT(IF(($A13='WOC QUERY'!$B$7:$B$1000)*(H$1='WOC QUERY'!$D$2:$BI$2)*(H$2='WOC QUERY'!$D$3:$BI$3)*(H$3='WOC QUERY'!$D$4:$BI$4)*(H$4='WOC QUERY'!$A$7:$A$1000),'WOC QUERY'!$D$7:$BI$1000))} -> -41.032986 | I13: {=SUM(IF(($A13='WOC QUERY'!$B$7:$B$1000)*(I$1='WOC QUERY'!$D$2:$BI$2)*(I$2='WOC QUERY'!$D$3:$BI$3)*(I$3='WOC QUERY'!$D$4:$BI$4)*(I$4='WOC QUERY'!$A$7:$A$1000),'WOC QUERY'!$D$7:$BI$1000))/COUNT(IF(($A13='WOC QUERY'!$B$7:$B$1000)*(I$1='WOC QUERY'!$D$2:$BI$2)*(I$2='WOC QUERY'!$D$3:$BI$3)*(I$3='WOC QUERY'!$D$4:$BI$4)*(I$4='WOC QUERY'!$A$7:$A$1000),'WOC QUERY'!$D$7:$BI$1000))} -> #DIV/0! | J13: =SUM(D13:F13) -> #DIV/0! | L13: {=SUM(IF(($A13='WOC QUERY'!$B$7:$B$1000)*(L$1='WOC QUERY'!$D$2:$BI$2)*(L$2='WOC QUERY'!$D$3:$BI$3)*(L$3='WOC QUERY'!$D$4:$BI$4)*(L$4='WOC QUERY'!$A$7:$A$1000),'WOC QUERY'!$D$7:$BI$1000))/COUNT(IF(($A13='WOC QUERY'!$B$7:$B$1000)*(L$1='WOC QUERY'!$D$2:$BI$2)*(L$2='WOC QUERY'!$D$3:$BI$3)*(L$3='WOC QUERY'!$D$4:$BI$4)*(L$4='WOC QUERY'!$A$7:$A$1000),'WOC QUERY'!$D$7:$BI$1000))} -> #DIV/0! | M13: {=SUM(IF(($A13='WOC QUERY'!$B$7:$B$1000)*(M$1='WOC QUERY'!$D$2:$BI$2)*(M$2='WOC QUERY'!$D$3:$BI$3)*(M$3='WOC QUERY'!$D$4:$BI$4)*(M$4='WOC QUERY'!$A$7:$A$1000),'WOC QUERY'!$D$7:$BI$1000))/COUNT(IF(($A13='WOC QUERY'!$B$7:$B$1000)*(M$1='WOC QUERY'!$D$2:$BI$2)*(M$2='WOC QUERY'!$D$3:$BI$3)*(M$3='WOC QUERY'!$D$4:$BI$4)*(M$4='WOC QUERY'!$A$7:$A$1000),'WOC QUERY'!$D$7:$BI$1000))} -> #DIV/0! | N13: {=SUM(IF(($A13='WOC QUERY'!$B$7:$B$1000)*(N$1='WOC QUERY'!$D$2:$BI$2)*(N$2='WOC QUERY'!$D$3:$BI$3)*(N$3='WOC QUERY'!$D$4:$BI$4)*(N$5='WOC QUERY'!$A$7:$A$1000)*(N$4='WOC QUERY'!$A$7:$A$1000)*(N$6='WOC QUERY'!$A$7:$A$1000),'WOC QUERY'!$D$7:$BI$1000))/COUNT(IF(($A13='WOC QUERY'!$B$7:$B$1000)*(N$1='WOC QUERY'!$D$2:$BI$2)*(N$2='WOC QUERY'!$D$3:$BI$3)*(N$3='WOC QUERY'!$D$4:$BI$4)*(N$5='WOC QUERY'!$A$7:$A$1000)*(N$4='WOC QUERY'!$A$7:$A$1000)*(N$6='WOC QUERY'!$A$7:$A$1000),'WOC QUERY'!$D$7:$BI$1000))} -> #DIV/0! | O13: =+SUM(L13:N13) -> #DIV/0! | Q13: {=SUM(IF(($A13='WOC QUERY'!$B$7:$B$1000)*(Q$1='WOC QUERY'!$D$2:$BI$2)*(Q$2='WOC QUERY'!$D$3:$BI$3)*(Q$3='WOC QUERY'!$D$4:$BI$4)*(Q$4='WOC QUERY'!$A$7:$A$1000),'WOC QUERY'!$D$7:$BI$1000))/COUNT(IF(($A13='WOC QUERY'!$B$7:$B$1000)*(Q$1='WOC QUERY'!$D$2:$BI$2)*(Q$2='WOC QUERY'!$D$3:$BI$3)*(Q$3='WOC QUERY'!$D$4:$BI$4)*(Q$4='WOC QUERY'!$A$7:$A$1000),'WOC QUERY'!$D$7:$BI$1000))} -> 54.568327 | R13: {=SUM(IF(($A13='WOC QUERY'!$B$7:$B$1000)*(R$1='WOC QUERY'!$D$2:$BI$2)*(R$2='WOC QUERY'!$D$3:$BI$3)*(R$3='WOC QUERY'!$D$4:$BI$4)*(R$4='WOC QUERY'!$A$7:$A$1000),'WOC QUERY'!$D$7:$BI$1000))/COUNT(IF(($A13='WOC QUERY'!$B$7:$B$1000)*(R$1='WOC QUERY'!$D$2:$BI$2)*(R$2='WOC QUERY'!$D$3:$BI$3)*(R$3='WOC QUERY'!$D$4:$BI$4)*(R$4='WOC QUERY'!$A$7:$A$1000),'WOC QUERY'!$D$7:$BI$1000))} -> 122.54942 | S13: {=SUM(IF(($A13='WOC QUERY'!$B$7:$B$1000)*(S$1='WOC QUERY'!$D$2:$BI$2)*(S$2='WOC QUERY'!$D$3:$BI$3)*(S$3='WOC QUERY'!$D$4:$BI$4)*(S$5='WOC QUERY'!$A$7:$A$1000)*(S$4='WOC QUERY'!$A$7:$A$1000)*(S$6='WOC QUERY'!$A$7:$A$1000),'WOC QUERY'!$D$7:$BI$1000))/COUNT(IF(($A13='WOC QUERY'!$B$7:$B$1000)*(S$1='WOC QUERY'!$D$2:$BI$2)*(S$2='WOC QUERY'!$D$3:$BI$3)*(S$3='WOC QUERY'!$D$4:$BI$4)*(S$5='WOC QUERY'!$A$7:$A$1000)*(S$4='WOC QUERY'!$A$7:$A$1000)*(S$6='WOC QUERY'!$A$7:$A$1000),'WOC QUERY'!$D$7:$BI$1000))} -> #DIV/0! | T13: =SUM(Q13:S13) -> #DIV/0! | V13: {=SUM(IF(($A13='WOC QUERY'!$B$7:$B$1000)*(V$1='WOC QUERY'!$D$2:$BI$2)*(V$2='WOC QUERY'!$D$3:$BI$3)*(V$3='WOC QUERY'!$D$4:$BI$4)*(V$4='WOC QUERY'!$A$7:$A$1000),'WOC QUERY'!$D$7:$BI$1000))/COUNT(IF(($A13='WOC QUERY'!$B$7:$B$1000)*(V$1='WOC QUERY'!$D$2:$BI$2)*(V$2='WOC QUERY'!$D$3:$BI$3)*(V$3='WOC QUERY'!$D$4:$BI$4)*(V$4='WOC QUERY'!$A$7:$A$1000),'WOC QUERY'!$D$7:$BI$1000))} -> 64.468327 | W13: {=SUM(IF(($A13='WOC QUERY'!$B$7:$B$1000)*(W$1='WOC QUERY'!$D$2:$BI$2)*(W$2='WOC QUERY'!$D$3:$BI$3)*(W$3='WOC QUERY'!$D$4:$BI$4)*(W$4='WOC QUERY'!$A$7:$A$1000),'WOC QUERY'!$D$7:$BI$1000))/COUNT(IF(($A13='WOC QUERY'!$B$7:$B$1000)*(W$1='WOC QUERY'!$D$2:$BI$2)*(W$2='WOC QUERY'!$D$3:$BI$3)*(W$3='WOC QUERY'!$D$4:$BI$4)*(W$4='WOC QUERY'!$A$7:$A$1000),'WOC QUERY'!$D$7:$BI$1000))} -> 115.54942 | X13: {=SUM(IF(($A13='WOC QUERY'!$B$7:$B$1000)*(X$1='WOC QUERY'!$D$2:$BI$2)*(X$2='WOC QUERY'!$D$3:$BI$3)*(X$3='WOC QUERY'!$D$4:$BI$4)*(X$5='WOC QUERY'!$A$7:$A$1000)*(X$4='WOC QUERY'!$A$7:$A$1000)*(X$6='WOC QUERY'!$A$7:$A$1000),'WOC QUERY'!$D$7:$BI$1000))/COUNT(IF(($A13='WOC QUERY'!$B$7:$B$1000)*(X$1='WOC QUERY'!$D$2:$BI$2)*(X$2='WOC QUERY'!$D$3:$BI$3)*(X$3='WOC QUERY'!$D$4:$BI$4)*(X$5='WOC QUERY'!$A$7:$A$1000)*(X$4='WOC QUERY'!$A$7:$A$1000)*(X$6='WOC QUERY'!$A$7:$A$1000),'WOC QUERY'!$D$7:$BI$1000))} -> #DIV/0! | Y13: =SUM(V13:X13) -> #DIV/0! | AA13: {=SUM(IF(($A13='WOC QUERY'!$B$7:$B$1000)*(AA$1='WOC QUERY'!$D$2:$BI$2)*(AA$2='WOC QUERY'!$D$3:$BI$3)*(AA$3='WOC QUERY'!$D$4:$BI$4)*(AA$4='WOC QUERY'!$A$7:$A$1000),'WOC QUERY'!$D$7:$BI$1000))/COUNT(IF(($A13='WOC QUERY'!$B$7:$B$1000)*(AA$1='WOC QUERY'!$D$2:$BI$2)*(AA$2='WOC QUERY'!$D$3:$BI$3)*(AA$3='WOC QUERY'!$D$4:$BI$4)*(AA$4='WOC QUERY'!$A$7:$A$1000),'WOC QUERY'!$D$7:$BI$1000))} -> #DIV/0! | AB13: {=SUM(IF(($A13='WOC QUERY'!$B$7:$B$1000)*(AB$1='WOC QUERY'!$D$2:$BI$2)*(AB$2='WOC QUERY'!$D$3:$BI$3)*(AB$3='WOC QUERY'!$D$4:$BI$4)*(AB$4='WOC QUERY'!$A$7:$A$1000),'WOC QUERY'!$D$7:$BI$1000))/COUNT(IF(($A13='WOC QUERY'!$B$7:$B$1000)*(AB$1='WOC QUERY'!$D$2:$BI$2)*(AB$2='WOC QUERY'!$D$3:$BI$3)*(AB$3='WOC QUERY'!$D$4:$BI$4)*(AB$4='WOC QUERY'!$A$7:$A$1000),'WOC QUERY'!$D$7:$BI$1000))} -> #DIV/0! | AC13: {=SUM(IF(($A13='WOC QUERY'!$B$7:$B$1000)*(AC$1='WOC QUERY'!$D$2:$BI$2)*(AC$2='WOC QUERY'!$D$3:$BI$3)*(AC$3='WOC QUERY'!$D$4:$BI$4)*(AC$5='WOC QUERY'!$A$7:$A$1000)*(AC$4='WOC QUERY'!$A$7:$A$1000)*(AC$6='WOC QUERY'!$A$7:$A$1000),'WOC QUERY'!$D$7:$BI$1000))/COUNT(IF(($A13='WOC QUERY'!$B$7:$B$1000)*(AC$1='WOC QUERY'!$D$2:$BI$2)*(AC$2='WOC QUERY'!$D$3:$BI$3)*(AC$3='WOC QUERY'!$D$4:$BI$4)*(AC$5='WOC QUERY'!$A$7:$A$1000)*(AC$4='WOC QUERY'!$A$7:$A$1000)*(AC$6='WOC QUERY'!$A$7:$A$1000),'WOC QUERY'!$D$7:$BI$1000))} -> #DIV/0! | AD13: =SUM(AA13:AC13) -> #DIV/0!
A14: Military Support Center Germany | B14: =A14 -> Military Support Center Germany | D14: {=SUM(IF(($A14='WOC QUERY'!$B$7:$B$1000)*(D$1='WOC QUERY'!$D$2:$BI$2)*(D$2='WOC QUERY'!$D$3:$BI$3)*(D$3='WOC QUERY'!$D$4:$BI$4)*(D$4='WOC QUERY'!$A$7:$A$1000),'WOC QUERY'!$D$7:$BI$1000))/COUNT(IF(($A14='WOC QUERY'!$B$7:$B$1000)*(D$1='WOC QUERY'!$D$2:$BI$2)*(D$2='WOC QUERY'!$D$3:$BI$3)*(D$3='WOC QUERY'!$D$4:$BI$4)*(D$4='WOC QUERY'!$A$7:$A$1000),'WOC QUERY'!$D$7:$BI$1000))} -> 45.443727 | E14: {=SUM(IF(($A14='WOC QUERY'!$B$7:$B$1000)*(E$1='WOC QUERY'!$D$2:$BI$2)*(E$2='WOC QUERY'!$D$3:$BI$3)*(E$3='WOC QUERY'!$D$4:$BI$4)*(E$4='WOC QUERY'!$A$7:$A$1000),'WOC QUERY'!$D$7:$BI$1000))/COUNT(IF(($A14='WOC QUERY'!$B$7:$B$1000)*(E$1='WOC QUERY'!$D$2:$BI$2)*(E$2='WOC QUERY'!$D$3:$BI$3)*(E$3='WOC QUERY'!$D$4:$BI$4)*(E$4='WOC QUERY'!$A$7:$A$1000),'WOC QUERY'!$D$7:$BI$1000))} -> 33.47943 | F14: =SUM(G14:I14) -> -32.555973 | G14: {=SUM(IF(($A14='WOC QUERY'!$B$7:$B$1000)*(G$1='WOC QUERY'!$D$2:$BI$2)*(G$2='WOC QUERY'!$D$3:$BI$3)*(G$3='WOC QUERY'!$D$4:$BI$4)*(G$4='WOC QUERY'!$A$7:$A$1000),'WOC QUERY'!$D$7:$BI$1000))/COUNT(IF(($A14='WOC QUERY'!$B$7:$B$1000)*(G$1='WOC QUERY'!$D$2:$BI$2)*(G$2='WOC QUERY'!$D$3:$BI$3)*(G$3='WOC QUERY'!$D$4:$BI$4)*(G$4='WOC QUERY'!$A$7:$A$1000),'WOC QUERY'!$D$7:$BI$1000))} -> -33.532724 | H14: {=SUM(IF(($A14='WOC QUERY'!$B$7:$B$1000)*(H$1='WOC QUERY'!$D$2:$BI$2)*(H$2='WOC QUERY'!$D$3:$BI$3)*(H$3='WOC QUERY'!$D$4:$BI$4)*(H$4='WOC QUERY'!$A$7:$A$1000),'WOC QUERY'!$D$7:$BI$1000))/COUNT(IF(($A14='WOC QUERY'!$B$7:$B$1000)*(H$1='WOC QUERY'!$D$2:$BI$2)*(H$2='WOC QUERY'!$D$3:$BI$3)*(H$3='WOC QUERY'!$D$4:$BI$4)*(H$4='WOC QUERY'!$A$7:$A$1000),'WOC QUERY'!$D$7:$BI$1000))} -> 0 | I14: {=SUM(IF(($A14='WOC QUERY'!$B$7:$B$1000)*(I$1='WOC QUERY'!$D$2:$BI$2)*(I$2='WOC QUERY'!$D$3:$BI$3)*(I$3='WOC QUERY'!$D$4:$BI$4)*(I$4='WOC QUERY'!$A$7:$A$1000),'WOC QUERY'!$D$7:$BI$1000))/COUNT(IF(($A14='WOC QUERY'!$B$7:$B$1000)*(I$1='WOC QUERY'!$D$2:$BI$2)*(I$2='WOC QUERY'!$D$3:$BI$3)*(I$3='WOC QUERY'!$D$4:$BI$4)*(I$4='WOC QUERY'!$A$7:$A$1000),'WOC QUERY'!$D$7:$BI$1000))} -> 0.97675116 | J14: =SUM(D14:F14) -> 46.367184 | L14: {=SUM(IF(($A14='WOC QUERY'!$B$7:$B$1000)*(L$1='WOC QUERY'!$D$2:$BI$2)*(L$2='WOC QUERY'!$D$3:$BI$3)*(L$3='WOC QUERY'!$D$4:$BI$4)*(L$4='WOC QUERY'!$A$7:$A$1000),'WOC QUERY'!$D$7:$BI$1000))/COUNT(IF(($A14='WOC QUERY'!$B$7:$B$1000)*(L$1='WOC QUERY'!$D$2:$BI$2)*(L$2='WOC QUERY'!$D$3:$BI$3)*(L$3='WOC QUERY'!$D$4:$BI$4)*(L$4='WOC QUERY'!$A$7:$A$1000),'WOC QUERY'!$D$7:$BI$1000))} -> #DIV/0! | M14: {=SUM(IF(($A14='WOC QUERY'!$B$7:$B$1000)*(M$1='WOC QUERY'!$D$2:$BI$2)*(M$2='WOC QUERY'!$D$3:$BI$3)*(M$3='WOC QUERY'!$D$4:$BI$4)*(M$4='WOC QUERY'!$A$7:$A$1000),'WOC QUERY'!$D$7:$BI$1000))/COUNT(IF(($A14='WOC QUERY'!$B$7:$B$1000)*(M$1='WOC QUERY'!$D$2:$BI$2)*(M$2='WOC QUERY'!$D$3:$BI$3)*(M$3='WOC QUERY'!$D$4:$BI$4)*(M$4='WOC QUERY'!$A$7:$A$1000),'WOC QUERY'!$D$7:$BI$1000))} -> #DIV/0! | N14: {=SUM(IF(($A14='WOC QUERY'!$B$7:$B$1000)*(N$1='WOC QUERY'!$D$2:$BI$2)*(N$2='WOC QUERY'!$D$3:$BI$3)*(N$3='WOC QUERY'!$D$4:$BI$4)*(N$5='WOC QUERY'!$A$7:$A$1000)*(N$4='WOC QUERY'!$A$7:$A$1000)*(N$6='WOC QUERY'!$A$7:$A$1000),'WOC QUERY'!$D$7:$BI$1000))/COUNT(IF(($A14='WOC QUERY'!$B$7:$B$1000)*(N$1='WOC QUERY'!$D$2:$BI$2)*(N$2='WOC QUERY'!$D$3:$BI$3)*(N$3='WOC QUERY'!$D$4:$BI$4)*(N$5='WOC QUERY'!$A$7:$A$1000)*(N$4='WOC QUERY'!$A$7:$A$1000)*(N$6='WOC QUERY'!$A$7:$A$1000),'WOC QUERY'!$D$7:$BI$1000))} -> #DIV/0! | O14: =+SUM(L14:N14) -> #DIV/0! | Q14: {=SUM(IF(($A14='WOC QUERY'!$B$7:$B$1000)*(Q$1='WOC QUERY'!$D$2:$BI$2)*(Q$2='WOC QUERY'!$D$3:$BI$3)*(Q$3='WOC QUERY'!$D$4:$BI$4)*(Q$4='WOC QUERY'!$A$7:$A$1000),'WOC QUERY'!$D$7:$BI$1000))/COUNT(IF(($A14='WOC QUERY'!$B$7:$B$1000)*(Q$1='WOC QUERY'!$D$2:$BI$2)*(Q$2='WOC QUERY'!$D$3:$BI$3)*(Q$3='WOC QUERY'!$D$4:$BI$4)*(Q$4='WOC QUERY'!$A$7:$A$1000),'WOC QUERY'!$D$7:$BI$1000))} -> 50.42705 | R14: {=SUM(IF(($A14='WOC QUERY'!$B$7:$B$1000)*(R$1='WOC QUERY'!$D$2:$BI$2)*(R$2='WOC QUERY'!$D$3:$BI$3)*(R$3='WOC QUERY'!$D$4:$BI$4)*(R$4='WOC QUERY'!$A$7:$A$1000),'WOC QUERY'!$D$7:$BI$1000))/COUNT(IF(($A14='WOC QUERY'!$B$7:$B$1000)*(R$1='WOC QUERY'!$D$2:$BI$2)*(R$2='WOC QUERY'!$D$3:$BI$3)*(R$3='WOC QUERY'!$D$4:$BI$4)*(R$4='WOC QUERY'!$A$7:$A$1000),'WOC QUERY'!$D$7:$BI$1000))} -> 34.235989 | S14: {=SUM(IF(($A14='WOC QUERY'!$B$7:$B$1000)*(S$1='WOC QUERY'!$D$2:$BI$2)*(S$2='WOC QUERY'!$D$3:$BI$3)*(S$3='WOC QUERY'!$D$4:$BI$4)*(S$5='WOC QUERY'!$A$7:$A$1000)*(S$4='WOC QUERY'!$A$7:$A$1000)*(S$6='WOC QUERY'!$A$7:$A$1000),'WOC QUERY'!$D$7:$BI$1000))/COUNT(IF(($A14='WOC QUERY'!$B$7:$B$1000)*(S$1='WOC QUERY'!$D$2:$BI$2)*(S$2='WOC QUERY'!$D$3:$BI$3)*(S$3='WOC QUERY'!$D$4:$BI$4)*(S$5='WOC QUERY'!$A$7:$A$1000)*(S$4='WOC QUERY'!$A$7:$A$1000)*(S$6='WOC QUERY'!$A$7:$A$1000),'WOC QUERY'!$D$7:$BI$1000))} -> #DIV/0! | T14: =SUM(Q14:S14) -> #DIV/0! | V14: {=SUM(IF(($A14='WOC QUERY'!$B$7:$B$1000)*(V$1='WOC QUERY'!$D$2:$BI$2)*(V$2='WOC QUERY'!$D$3:$BI$3)*(V$3='WOC QUERY'!$D$4:$BI$4)*(V$4='WOC QUERY'!$A$7:$A$1000),'WOC QUERY'!$D$7:$BI$1000))/COUNT(IF(($A14='WOC QUERY'!$B$7:$B$1000)*(V$1='WOC QUERY'!$D$2:$BI$2)*(V$2='WOC QUERY'!$D$3:$BI$3)*(V$3='WOC QUERY'!$D$4:$BI$4)*(V$4='WOC QUERY'!$A$7:$A$1000),'WOC QUERY'!$D$7:$BI$1000))} -> 50.742934 | W14: {=SUM(IF(($A14='WOC QUERY'!$B$7:$B$1000)*(W$1='WOC QUERY'!$D$2:$BI$2)*(W$2='WOC QUERY'!$D$3:$BI$3)*(W$3='WOC QUERY'!$D$4:$BI$4)*(W$4='WOC QUERY'!$A$7:$A$1000),'WOC QUERY'!$D$7:$BI$1000))/COUNT(IF(($A14='WOC QUERY'!$B$7:$B$1000)*(W$1='WOC QUERY'!$D$2:$BI$2)*(W$2='WOC QUERY'!$D$3:$BI$3)*(W$3='WOC QUERY'!$D$4:$BI$4)*(W$4='WOC QUERY'!$A$7:$A$1000),'WOC QUERY'!$D$7:$BI$1000))} -> 34.429893 | X14: {=SUM(IF(($A14='WOC QUERY'!$B$7:$B$1000)*(X$1='WOC QUERY'!$D$2:$BI$2)*(X$2='WOC QUERY'!$D$3:$BI$3)*(X$3='WOC QUERY'!$D$4:$BI$4)*(X$5='WOC QUERY'!$A$7:$A$1000)*(X$4='WOC QUERY'!$A$7:$A$1000)*(X$6='WOC QUERY'!$A$7:$A$1000),'WOC QUERY'!$D$7:$BI$1000))/COUNT(IF(($A14='WOC QUERY'!$B$7:$B$1000)*(X$1='WOC QUERY'!$D$2:$BI$2)*(X$2='WOC QUERY'!$D$3:$BI$3)*(X$3='WOC QUERY'!$D$4:$BI$4)*(X$5='WOC QUERY'!$A$7:$A$1000)*(X$4='WOC QUERY'!$A$7:$A$1000)*(X$6='WOC QUERY'!$A$7:$A$1000),'WOC QUERY'!$D$7:$BI$1000))} -> #DIV/0! | Y14: =SUM(V14:X14) -> #DIV/0! | AA14: {=SUM(IF(($A14='WOC QUERY'!$B$7:$B$1000)*(AA$1='WOC QUERY'!$D$2:$BI$2)*(AA$2='WOC QUERY'!$D$3:$BI$3)*(AA$3='WOC QUERY'!$D$4:$BI$4)*(AA$4='WOC QUERY'!$A$7:$A$1000),'WOC QUERY'!$D$7:$BI$1000))/COUNT(IF(($A14='WOC QUERY'!$B$7:$B$1000)*(AA$1='WOC QUERY'!$D$2:$BI$2)*(AA$2='WOC QUERY'!$D$3:$BI$3)*(AA$3='WOC QUERY'!$D$4:$BI$4)*(AA$4='WOC QUERY'!$A$7:$A$1000),'WOC QUERY'!$D$7:$BI$1000))} -> #DIV/0! | AB14: {=SUM(IF(($A14='WOC QUERY'!$B$7:$B$1000)*(AB$1='WOC QUERY'!$D$2:$BI$2)*(AB$2='WOC QUERY'!$D$3:$BI$3)*(AB$3='WOC QUERY'!$D$4:$BI$4)*(AB$4='WOC QUERY'!$A$7:$A$1000),'WOC QUERY'!$D$7:$BI$1000))/COUNT(IF(($A14='WOC QUERY'!$B$7:$B$1000)*(AB$1='WOC QUERY'!$D$2:$BI$2)*(AB$2='WOC QUERY'!$D$3:$BI$3)*(AB$3='WOC QUERY'!$D$4:$BI$4)*(AB$4='WOC QUERY'!$A$7:$A$1000),'WOC QUERY'!$D$7:$BI$1000))} -> #DIV/0! | AC14: {=SUM(IF(($A14='WOC QUERY'!$B$7:$B$1000)*(AC$1='WOC QUERY'!$D$2:$BI$2)*(AC$2='WOC QUERY'!$D$3:$BI$3)*(AC$3='WOC QUERY'!$D$4:$BI$4)*(AC$5='WOC QUERY'!$A$7:$A$1000)*(AC$4='WOC QUERY'!$A$7:$A$1000)*(AC$6='WOC QUERY'!$A$7:$A$1000),'WOC QUERY'!$D$7:$BI$1000))/COUNT(IF(($A14='WOC QUERY'!$B$7:$B$1000)*(AC$1='WOC QUERY'!$D$2:$BI$2)*(AC$2='WOC QUERY'!$D$3:$BI$3)*(AC$3='WOC QUERY'!$D$4:$BI$4)*(AC$5='WOC QUERY'!$A$7:$A$1000)*(AC$4='WOC QUERY'!$A$7:$A$1000)*(AC$6='WOC QUERY'!$A$7:$A$1000),'WOC QUERY'!$D$7:$BI$1000))} -> #DIV/0! | AD14: =SUM(AA14:AC14) -> #DIV/0!
A15: Fix wings | B15: =A15 -> Fix wings | D15: {=SUM(IF(($A15='WOC QUERY'!$B$7:$B$1000)*(D$1='WOC QUERY'!$D$2:$BI$2)*(D$2='WOC QUERY'!$D$3:$BI$3)*(D$3='WOC QUERY'!$D$4:$BI$4)*(D$4='WOC QUERY'!$A$7:$A$1000),'WOC QUERY'!$D$7:$BI$1000))/COUNT(IF(($A15='WOC QUERY'!$B$7:$B$1000)*(D$1='WOC QUERY'!$D$2:$BI$2)*(D$2='WOC QUERY'!$D$3:$BI$3)*(D$3='WOC QUERY'!$D$4:$BI$4)*(D$4='WOC QUERY'!$A$7:$A$1000),'WOC QUERY'!$D$7:$BI$1000))} -> 5.7063764 | E15: {=SUM(IF(($A15='WOC QUERY'!$B$7:$B$1000)*(E$1='WOC QUERY'!$D$2:$BI$2)*(E$2='WOC QUERY'!$D$3:$BI$3)*(E$3='WOC QUERY'!$D$4:$BI$4)*(E$4='WOC QUERY'!$A$7:$A$1000),'WOC QUERY'!$D$7:$BI$1000))/COUNT(IF(($A15='WOC QUERY'!$B$7:$B$1000)*(E$1='WOC QUERY'!$D$2:$BI$2)*(E$2='WOC QUERY'!$D$3:$BI$3)*(E$3='WOC QUERY'!$D$4:$BI$4)*(E$4='WOC QUERY'!$A$7:$A$1000),'WOC QUERY'!$D$7:$BI$1000))} -> 10.186485 | F15: =SUM(G15:I15) -> #DIV/0! | G15: {=SUM(IF(($A15='WOC QUERY'!$B$7:$B$1000)*(G$1='WOC QUERY'!$D$2:$BI$2)*(G$2='WOC QUERY'!$D$3:$BI$3)*(G$3='WOC QUERY'!$D$4:$BI$4)*(G$4='WOC QUERY'!$A$7:$A$1000),'WOC QUERY'!$D$7:$BI$1000))/COUNT(IF(($A15='WOC QUERY'!$B$7:$B$1000)*(G$1='WOC QUERY'!$D$2:$BI$2)*(G$2='WOC QUERY'!$D$3:$BI$3)*(G$3='WOC QUERY'!$D$4:$BI$4)*(G$4='WOC QUERY'!$A$7:$A$1000),'WOC QUERY'!$D$7:$BI$1000))} -> #DIV/0! | H15: {=SUM(IF(($A15='WOC QUERY'!$B$7:$B$1000)*(H$1='WOC QUERY'!$D$2:$BI$2)*(H$2='WOC QUERY'!$D$3:$BI$3)*(H$3='WOC QUERY'!$D$4:$BI$4)*(H$4='WOC QUERY'!$A$7:$A$1000),'WOC QUERY'!$D$7:$BI$1000))/COUNT(IF(($A15='WOC QUERY'!$B$7:$B$1000)*(H$1='WOC QUERY'!$D$2:$BI$2)*(H$2='WOC QUERY'!$D$3:$BI$3)*(H$3='WOC QUERY'!$D$4:$BI$4)*(H$4='WOC QUERY'!$A$7:$A$1000),'WOC QUERY'!$D$7:$BI$1000))} -> -2.7795656 | I15: {=SUM(IF(($A15='WOC QUERY'!$B$7:$B$1000)*(I$1='WOC QUERY'!$D$2:$BI$2)*(I$2='WOC QUERY'!$D$3:$BI$3)*(I$3='WOC QUERY'!$D$4:$BI$4)*(I$4='WOC QUERY'!$A$7:$A$1000),'WOC QUERY'!$D$7:$BI$1000))/COUNT(IF(($A15='WOC QUERY'!$B$7:$B$1000)*(I$1='WOC QUERY'!$D$2:$BI$2)*(I$2='WOC QUERY'!$D$3:$BI$3)*(I$3='WOC QUERY'!$D$4:$BI$4)*(I$4='WOC QUERY'!$A$7:$A$1000),'WOC QUERY'!$D$7:$BI$1000))} -> #DIV/0! | J15: =SUM(D15:F15) -> #DIV/0! | L15: {=SUM(IF(($A15='WOC QUERY'!$B$7:$B$1000)*(L$1='WOC QUERY'!$D$2:$BI$2)*(L$2='WOC QUERY'!$D$3:$BI$3)*(L$3='WOC QUERY'!$D$4:$BI$4)*(L$4='WOC QUERY'!$A$7:$A$1000),'WOC QUERY'!$D$7:$BI$1000))/COUNT(IF(($A15='WOC QUERY'!$B$7:$B$1000)*(L$1='WOC QUERY'!$D$2:$BI$2)*(L$2='WOC QUERY'!$D$3:$BI$3)*(L$3='WOC QUERY'!$D$4:$BI$4)*(L$4='WOC QUERY'!$A$7:$A$1000),'WOC QUERY'!$D$7:$BI$1000))} -> #DIV/0! | M15: {=SUM(IF(($A15='WOC QUERY'!$B$7:$B$1000)*(M$1='WOC QUERY'!$D$2:$BI$2)*(M$2='WOC QUERY'!$D$3:$BI$3)*(M$3='WOC QUERY'!$D$4:$BI$4)*(M$4='WOC QUERY'!$A$7:$A$1000),'WOC QUERY'!$D$7:$BI$1000))/COUNT(IF(($A15='WOC QUERY'!$B$7:$B$1000)*(M$1='WOC QUERY'!$D$2:$BI$2)*(M$2='WOC QUERY'!$D$3:$BI$3)*(M$3='WOC QUERY'!$D$4:$BI$4)*(M$4='WOC QUERY'!$A$7:$A$1000),'WOC QUERY'!$D$7:$BI$1000))} -> #DIV/0! | N15: {=SUM(IF(($A15='WOC QUERY'!$B$7:$B$1000)*(N$1='WOC QUERY'!$D$2:$BI$2)*(N$2='WOC QUERY'!$D$3:$BI$3)*(N$3='WOC QUERY'!$D$4:$BI$4)*(N$5='WOC QUERY'!$A$7:$A$1000)*(N$4='WOC QUERY'!$A$7:$A$1000)*(N$6='WOC QUERY'!$A$7:$A$1000),'WOC QUERY'!$D$7:$BI$1000))/COUNT(IF(($A15='WOC QUERY'!$B$7:$B$1000)*(N$1='WOC QUERY'!$D$2:$BI$2)*(N$2='WOC QUERY'!$D$3:$BI$3)*(N$3='WOC QUERY'!$D$4:$BI$4)*(N$5='WOC QUERY'!$A$7:$A$1000)*(N$4='WOC QUERY'!$A$7:$A$1000)*(N$6='WOC QUERY'!$A$7:$A$1000),'WOC QUERY'!$D$7:$BI$1000))} -> #DIV/0! | O15: =+SUM(L15:N15) -> #DIV/0! | Q15: {=SUM(IF(($A15='WOC QUERY'!$B$7:$B$1000)*(Q$1='WOC QUERY'!$D$2:$BI$2)*(Q$2='WOC QUERY'!$D$3:$BI$3)*(Q$3='WOC QUERY'!$D$4:$BI$4)*(Q$4='WOC QUERY'!$A$7:$A$1000),'WOC QUERY'!$D$7:$BI$1000))/COUNT(IF(($A15='WOC QUERY'!$B$7:$B$1000)*(Q$1='WOC QUERY'!$D$2:$BI$2)*(Q$2='WOC QUERY'!$D$3:$BI$3)*(Q$3='WOC QUERY'!$D$4:$BI$4)*(Q$4='WOC QUERY'!$A$7:$A$1000),'WOC QUERY'!$D$7:$BI$1000))} -> 4.8916329 | R15: {=SUM(IF(($A15='WOC QUERY'!$B$7:$B$1000)*(R$1='WOC QUERY'!$D$2:$BI$2)*(R$2='WOC QUERY'!$D$3:$BI$3)*(R$3='WOC QUERY'!$D$4:$BI$4)*(R$4='WOC QUERY'!$A$7:$A$1000),'WOC QUERY'!$D$7:$BI$1000))/COUNT(IF(($A15='WOC QUERY'!$B$7:$B$1000)*(R$1='WOC QUERY'!$D$2:$BI$2)*(R$2='WOC QUERY'!$D$3:$BI$3)*(R$3='WOC QUERY'!$D$4:$BI$4)*(R$4='WOC QUERY'!$A$7:$A$1000),'WOC QUERY'!$D$7:$BI$1000))} -> 5.8174808 | S15: {=SUM(IF(($A15='WOC QUERY'!$B$7:$B$1000)*(S$1='WOC QUERY'!$D$2:$BI$2)*(S$2='WOC QUERY'!$D$3:$BI$3)*(S$3='WOC QUERY'!$D$4:$BI$4)*(S$5='WOC QUERY'!$A$7:$A$1000)*(S$4='WOC QUERY'!$A$7:$A$1000)*(S$6='WOC QUERY'!$A$7:$A$1000),'WOC QUERY'!$D$7:$BI$1000))/COUNT(IF(($A15='WOC QUERY'!$B$7:$B$1000)*(S$1='WOC QUERY'!$D$2:$BI$2)*(S$2='WOC QUERY'!$D$3:$BI$3)*(S$3='WOC QUERY'!$D$4:$BI$4)*(S$5='WOC QUERY'!$A$7:$A$1000)*(S$4='WOC QUERY'!$A$7:$A$1000)*(S$6='WOC QUERY'!$A$7:$A$1000),'WOC QUERY'!$D$7:$BI$1000))} -> #DIV/0! | T15: =SUM(Q15:S15) -> #DIV/0! | V15: {=SUM(IF(($A15='WOC QUERY'!$B$7:$B$1000)*(V$1='WOC QUERY'!$D$2:$BI$2)*(V$2='WOC QUERY'!$D$3:$BI$3)*(V$3='WOC QUERY'!$D$4:$BI$4)*(V$4='WOC QUERY'!$A$7:$A$1000),'WOC QUERY'!$D$7:$BI$1000))/COUNT(IF(($A15='WOC QUERY'!$B$7:$B$1000)*(V$1='WOC QUERY'!$D$2:$BI$2)*(V$2='WOC QUERY'!$D$3:$BI$3)*(V$3='WOC QUERY'!$D$4:$BI$4)*(V$4='WOC QUERY'!$A$7:$A$1000),'WOC QUERY'!$D$7:$BI$1000))} -> 5.5571612 | W15: {=SUM(IF(($A15='WOC QUERY'!$B$7:$B$1000)*(W$1='WOC QUERY'!$D$2:$BI$2)*(W$2='WOC QUERY'!$D$3:$BI$3)*(W$3='WOC QUERY'!$D$4:$BI$4)*(W$4='WOC QUERY'!$A$7:$A$1000),'WOC QUERY'!$D$7:$BI$1000))/COUNT(IF(($A15='WOC QUERY'!$B$7:$B$1000)*(W$1='WOC QUERY'!$D$2:$BI$2)*(W$2='WOC QUERY'!$D$3:$BI$3)*(W$3='WOC QUERY'!$D$4:$BI$4)*(W$4='WOC QUERY'!$A$7:$A$1000),'WOC QUERY'!$D$7:$BI$1000))} -> 8.3089748 | X15: {=SUM(IF(($A15='WOC QUERY'!$B$7:$B$1000)*(X$1='WOC QUERY'!$D$2:$BI$2)*(X$2='WOC QUERY'!$D$3:$BI$3)*(X$3='WOC QUERY'!$D$4:$BI$4)*(X$5='WOC QUERY'!$A$7:$A$1000)*(X$4='WOC QUERY'!$A$7:$A$1000)*(X$6='WOC QUERY'!$A$7:$A$1000),'WOC QUERY'!$D$7:$BI$1000))/COUNT(IF(($A15='WOC QUERY'!$B$7:$B$1000)*(X$1='WOC QUERY'!$D$2:$BI$2)*(X$2='WOC QUERY'!$D$3:$BI$3)*(X$3='WOC QUERY'!$D$4:$BI$4)*(X$5='WOC QUERY'!$A$7:$A$1000)*(X$4='WOC QUERY'!$A$7:$A$1000)*(X$6='WOC QUERY'!$A$7:$A$1000),'WOC QUERY'!$D$7:$BI$1000))} -> #DIV/0! | Y15: =SUM(V15:X15) -> #DIV/0! | AA15: {=SUM(IF(($A15='WOC QUERY'!$B$7:$B$1000)*(AA$1='WOC QUERY'!$D$2:$BI$2)*(AA$2='WOC QUERY'!$D$3:$BI$3)*(AA$3='WOC QUERY'!$D$4:$BI$4)*(AA$4='WOC QUERY'!$A$7:$A$1000),'WOC QUERY'!$D$7:$BI$1000))/COUNT(IF(($A15='WOC QUERY'!$B$7:$B$1000)*(AA$1='WOC QUERY'!$D$2:$BI$2)*(AA$2='WOC QUERY'!$D$3:$BI$3)*(AA$3='WOC QUERY'!$D$4:$BI$4)*(AA$4='WOC QUERY'!$A$7:$A$1000),'WOC QUERY'!$D$7:$BI$1000))} -> #DIV/0! | AB15: {=SUM(IF(($A15='WOC QUERY'!$B$7:$B$1000)*(AB$1='WOC QUERY'!$D$2:$BI$2)*(AB$2='WOC QUERY'!$D$3:$BI$3)*(AB$3='WOC QUERY'!$D$4:$BI$4)*(AB$4='WOC QUERY'!$A$7:$A$1000),'WOC QUERY'!$D$7:$BI$1000))/COUNT(IF(($A15='WOC QUERY'!$B$7:$B$1000)*(AB$1='WOC QUERY'!$D$2:$BI$2)*(AB$2='WOC QUERY'!$D$3:$BI$3)*(AB$3='WOC QUERY'!$D$4:$BI$4)*(AB$4='WOC QUERY'!$A$7:$A$1000),'WOC QUERY'!$D$7:$BI$1000))} -> #DIV/0! | AC15: {=SUM(IF(($A15='WOC QUERY'!$B$7:$B$1000)*(AC$1='WOC QUERY'!$D$2:$BI$2)*(AC$2='WOC QUERY'!$D$3:$BI$3)*(AC$3='WOC QUERY'!$D$4:$BI$4)*(AC$5='WOC QUERY'!$A$7:$A$1000)*(AC$4='WOC QUERY'!$A$7:$A$1000)*(AC$6='WOC QUERY'!$A$7:$A$1000),'WOC QUERY'!$D$7:$BI$1000))/COUNT(IF(($A15='WOC QUERY'!$B$7:$B$1000)*(AC$1='WOC QUERY'!$D$2:$BI$2)*(AC$2='WOC QUERY'!$D$3:$BI$3)*(AC$3='WOC QUERY'!$D$4:$BI$4)*(AC$5='WOC QUERY'!$A$7:$A$1000)*(AC$4='WOC QUERY'!$A$7:$A$1000)*(AC$6='WOC QUERY'!$A$7:$A$1000),'WOC QUERY'!$D$7:$BI$1000))} -> #DIV/0! | AD15: =SUM(AA15:AC15) -> #DIV/0!
A16: Multiservice contracts | B16: =A16 -> Multiservice contracts | D16: {=SUM(IF(($A16='WOC QUERY'!$B$7:$B$1000)*(D$1='WOC QUERY'!$D$2:$BI$2)*(D$2='WOC QUERY'!$D$3:$BI$3)*(D$3='WOC QUERY'!$D$4:$BI$4)*(D$4='WOC QUERY'!$A$7:$A$1000),'WOC QUERY'!$D$7:$BI$1000))/COUNT(IF(($A16='WOC QUERY'!$B$7:$B$1000)*(D$1='WOC QUERY'!$D$2:$BI$2)*(D$2='WOC QUERY'!$D$3:$BI$3)*(D$3='WOC QUERY'!$D$4:$BI$4)*(D$4='WOC QUERY'!$A$7:$A$1000),'WOC QUERY'!$D$7:$BI$1000))} -> 53.71755 | E16: {=SUM(IF(($A16='WOC QUERY'!$B$7:$B$1000)*(E$1='WOC QUERY'!$D$2:$BI$2)*(E$2='WOC QUERY'!$D$3:$BI$3)*(E$3='WOC QUERY'!$D$4:$BI$4)*(E$4='WOC QUERY'!$A$7:$A$1000),'WOC QUERY'!$D$7:$BI$1000))/COUNT(IF(($A16='WOC QUERY'!$B$7:$B$1000)*(E$1='WOC QUERY'!$D$2:$BI$2)*(E$2='WOC QUERY'!$D$3:$BI$3)*(E$3='WOC QUERY'!$D$4:$BI$4)*(E$4='WOC QUERY'!$A$7:$A$1000),'WOC QUERY'!$D$7:$BI$1000))} -> 32.859988 | F16: =SUM(G16:I16) -> #DIV/0! | G16: {=SUM(IF(($A16='WOC QUERY'!$B$7:$B$1000)*(G$1='WOC QUERY'!$D$2:$BI$2)*(G$2='WOC QUERY'!$D$3:$BI$3)*(G$3='WOC QUERY'!$D$4:$BI$4)*(G$4='WOC QUERY'!$A$7:$A$1000),'WOC QUERY'!$D$7:$BI$1000))/COUNT(IF(($A16='WOC QUERY'!$B$7:$B$1000)*(G$1='WOC QUERY'!$D$2:$BI$2)*(G$2='WOC QUERY'!$D$3:$BI$3)*(G$3='WOC QUERY'!$D$4:$BI$4)*(G$4='WOC QUERY'!$A$7:$A$1000),'WOC QUERY'!$D$7:$BI$1000))} -> -61.822646 | H16: {=SUM(IF(($A16='WOC QUERY'!$B$7:$B$1000)*(H$1='WOC QUERY'!$D$2:$BI$2)*(H$2='WOC QUERY'!$D$3:$BI$3)*(H$3='WOC QUERY'!$D$4:$BI$4)*(H$4='WOC QUERY'!$A$7:$A$1000),'WOC QUERY'!$D$7:$BI$1000))/COUNT(IF(($A16='WOC QUERY'!$B$7:$B$1000)*(H$1='WOC QUERY'!$D$2:$BI$2)*(H$2='WOC QUERY'!$D$3:$BI$3)*(H$3='WOC QUERY'!$D$4:$BI$4)*(H$4='WOC QUERY'!$A$7:$A$1000),'WOC QUERY'!$D$7:$BI$1000))} -> -1.2296104 | I16: {=SUM(IF(($A16='WOC QUERY'!$B$7:$B$1000)*(I$1='WOC QUERY'!$D$2:$BI$2)*(I$2='WOC QUERY'!$D$3:$BI$3)*(I$3='WOC QUERY'!$D$4:$BI$4)*(I$4='WOC QUERY'!$A$7:$A$1000),'WOC QUERY'!$D$7:$BI$1000))/COUNT(IF(($A16='WOC QUERY'!$B$7:$B$1000)*(I$1='WOC QUERY'!$D$2:$BI$2)*(I$2='WOC QUERY'!$D$3:$BI$3)*(I$3='WOC QUERY'!$D$4:$BI$4)*(I$4='WOC QUERY'!$A$7:$A$1000),'WOC QUERY'!$D$7:$BI$1000))} -> #DIV/0! | J16: =SUM(D16:F16) -> #DIV/0! | L16: {=SUM(IF(($A16='WOC QUERY'!$B$7:$B$1000)*(L$1='WOC QUERY'!$D$2:$BI$2)*(L$2='WOC QUERY'!$D$3:$BI$3)*(L$3='WOC QUERY'!$D$4:$BI$4)*(L$4='WOC QUERY'!$A$7:$A$1000),'WOC QUERY'!$D$7:$BI$1000))/COUNT(IF(($A16='WOC QUERY'!$B$7:$B$1000)*(L$1='WOC QUERY'!$D$2:$BI$2)*(L$2='WOC QUERY'!$D$3:$BI$3)*(L$3='WOC QUERY'!$D$4:$BI$4)*(L$4='WOC QUERY'!$A$7:$A$1000),'WOC QUERY'!$D$7:$BI$1000))} -> #DIV/0! | M16: {=SUM(IF(($A16='WOC QUERY'!$B$7:$B$1000)*(M$1='WOC QUERY'!$D$2:$BI$2)*(M$2='WOC QUERY'!$D$3:$BI$3)*(M$3='WOC QUERY'!$D$4:$BI$4)*(M$4='WOC QUERY'!$A$7:$A$1000),'WOC QUERY'!$D$7:$BI$1000))/COUNT(IF(($A16='WOC QUERY'!$B$7:$B$1000)*(M$1='WOC QUERY'!$D$2:$BI$2)*(M$2='WOC QUERY'!$D$3:$BI$3)*(M$3='WOC QUERY'!$D$4:$BI$4)*(M$4='WOC QUERY'!$A$7:$A$1000),'WOC QUERY'!$D$7:$BI$1000))} -> #DIV/0! | N16: {=SUM(IF(($A16='WOC QUERY'!$B$7:$B$1000)*(N$1='WOC QUERY'!$D$2:$BI$2)*(N$2='WOC QUERY'!$D$3:$BI$3)*(N$3='WOC QUERY'!$D$4:$BI$4)*(N$5='WOC QUERY'!$A$7:$A$1000)*(N$4='WOC QUERY'!$A$7:$A$1000)*(N$6='WOC QUERY'!$A$7:$A$1000),'WOC QUERY'!$D$7:$BI$1000))/COUNT(IF(($A16='WOC QUERY'!$B$7:$B$1000)*(N$1='WOC QUERY'!$D$2:$BI$2)*(N$2='WOC QUERY'!$D$3:$BI$3)*(N$3='WOC QUERY'!$D$4:$BI$4)*(N$5='WOC QUERY'!$A$7:$A$1000)*(N$4='WOC QUERY'!$A$7:$A$1000)*(N$6='WOC QUERY'!$A$7:$A$1000),'WOC QUERY'!$D$7:$BI$1000))} -> #DIV/0! | O16: =+SUM(L16:N16) -> #DIV/0! | Q16: {=SUM(IF(($A16='WOC QUERY'!$B$7:$B$1000)*(Q$1='WOC QUERY'!$D$2:$BI$2)*(Q$2='WOC QUERY'!$D$3:$BI$3)*(Q$3='WOC QUERY'!$D$4:$BI$4)*(Q$4='WOC QUERY'!$A$7:$A$1000),'WOC QUERY'!$D$7:$BI$1000))/COUNT(IF(($A16='WOC QUERY'!$B$7:$B$1000)*(Q$1='WOC QUERY'!$D$2:$BI$2)*(Q$2='WOC QUERY'!$D$3:$BI$3)*(Q$3='WOC QUERY'!$D$4:$BI$4)*(Q$4='WOC QUERY'!$A$7:$A$1000),'WOC QUERY'!$D$7:$BI$1000))} -> 30.842823 | R16: {=SUM(IF(($A16='WOC QUERY'!$B$7:$B$1000)*(R$1='WOC QUERY'!$D$2:$BI$2)*(R$2='WOC QUERY'!$D$3:$BI$3)*(R$3='WOC QUERY'!$D$4:$BI$4)*(R$4='WOC QUERY'!$A$7:$A$1000),'WOC QUERY'!$D$7:$BI$1000))/COUNT(IF(($A16='WOC QUERY'!$B$7:$B$1000)*(R$1='WOC QUERY'!$D$2:$BI$2)*(R$2='WOC QUERY'!$D$3:$BI$3)*(R$3='WOC QUERY'!$D$4:$BI$4)*(R$4='WOC QUERY'!$A$7:$A$1000),'WOC QUERY'!$D$7:$BI$1000))} -> 23.787068 | S16: {=SUM(IF(($A16='WOC QUERY'!$B$7:$B$1000)*(S$1='WOC QUERY'!$D$2:$BI$2)*(S$2='WOC QUERY'!$D$3:$BI$3)*(S$3='WOC QUERY'!$D$4:$BI$4)*(S$5='WOC QUERY'!$A$7:$A$1000)*(S$4='WOC QUERY'!$A$7:$A$1000)*(S$6='WOC QUERY'!$A$7:$A$1000),'WOC QUERY'!$D$7:$BI$1000))/COUNT(IF(($A16='WOC QUERY'!$B$7:$B$1000)*(S$1='WOC QUERY'!$D$2:$BI$2)*(S$2='WOC QUERY'!$D$3:$BI$3)*(S$3='WOC QUERY'!$D$4:$BI$4)*(S$5='WOC QUERY'!$A$7:$A$1000)*(S$4='WOC QUERY'!$A$7:$A$1000)*(S$6='WOC QUERY'!$A$7:$A$1000),'WOC QUERY'!$D$7:$BI$1000))} -> #DIV/0! | T16: =SUM(Q16:S16) -> #DIV/0! | V16: {=SUM(IF(($A16='WOC QUERY'!$B$7:$B$1000)*(V$1='WOC QUERY'!$D$2:$BI$2)*(V$2='WOC QUERY'!$D$3:$BI$3)*(V$3='WOC QUERY'!$D$4:$BI$4)*(V$4='WOC QUERY'!$A$7:$A$1000),'WOC QUERY'!$D$7:$BI$1000))/COUNT(IF(($A16='WOC QUERY'!$B$7:$B$1000)*(V$1='WOC QUERY'!$D$2:$BI$2)*(V$2='WOC QUERY'!$D$3:$BI$3)*(V$3='WOC QUERY'!$D$4:$BI$4)*(V$4='WOC QUERY'!$A$7:$A$1000),'WOC QUERY'!$D$7:$BI$1000))} -> 37.332153 | W16: {=SUM(IF(($A16='WOC QUERY'!$B$7:$B$1000)*(W$1='WOC QUERY'!$D$2:$BI$2)*(W$2='WOC QUERY'!$D$3:$BI$3)*(W$3='WOC QUERY'!$D$4:$BI$4)*(W$4='WOC QUERY'!$A$7:$A$1000),'WOC QUERY'!$D$7:$BI$1000))/COUNT(IF(($A16='WOC QUERY'!$B$7:$B$1000)*(W$1='WOC QUERY'!$D$2:$BI$2)*(W$2='WOC QUERY'!$D$3:$BI$3)*(W$3='WOC QUERY'!$D$4:$BI$4)*(W$4='WOC QUERY'!$A$7:$A$1000),'WOC QUERY'!$D$7:$BI$1000))} -> 25.491798 | X16: {=SUM(IF(($A16='WOC QUERY'!$B$7:$B$1000)*(X$1='WOC QUERY'!$D$2:$BI$2)*(X$2='WOC QUERY'!$D$3:$BI$3)*(X$3='WOC QUERY'!$D$4:$BI$4)*(X$5='WOC QUERY'!$A$7:$A$1000)*(X$4='WOC QUERY'!$A$7:$A$1000)*(X$6='WOC QUERY'!$A$7:$A$1000),'WOC QUERY'!$D$7:$BI$1000))/COUNT(IF(($A16='WOC QUERY'!$B$7:$B$1000)*(X$1='WOC QUERY'!$D$2:$BI$2)*(X$2='WOC QUERY'!$D$3:$BI$3)*(X$3='WOC QUERY'!$D$4:$BI$4)*(X$5='WOC QUERY'!$A$7:$A$1000)*(X$4='WOC QUERY'!$A$7:$A$1000)*(X$6='WOC QUERY'!$A$7:$A$1000),'WOC QUERY'!$D$7:$BI$1000))} -> #DIV/0! | Y16: =SUM(V16:X16) -> #DIV/0! | AA16: {=SUM(IF(($A16='WOC QUERY'!$B$7:$B$1000)*(AA$1='WOC QUERY'!$D$2:$BI$2)*(AA$2='WOC QUERY'!$D$3:$BI$3)*(AA$3='WOC QUERY'!$D$4:$BI$4)*(AA$4='WOC QUERY'!$A$7:$A$1000),'WOC QUERY'!$D$7:$BI$1000))/COUNT(IF(($A16='WOC QUERY'!$B$7:$B$1000)*(AA$1='WOC QUERY'!$D$2:$BI$2)*(AA$2='WOC QUERY'!$D$3:$BI$3)*(AA$3='WOC QUERY'!$D$4:$BI$4)*(AA$4='WOC QUERY'!$A$7:$A$1000),'WOC QUERY'!$D$7:$BI$1000))} -> #DIV/0! | AB16: {=SUM(IF(($A16='WOC QUERY'!$B$7:$B$1000)*(AB$1='WOC QUERY'!$D$2:$BI$2)*(AB$2='WOC QUERY'!$D$3:$BI$3)*(AB$3='WOC QUERY'!$D$4:$BI$4)*(AB$4='WOC QUERY'!$A$7:$A$1000),'WOC QUERY'!$D$7:$BI$1000))/COUNT(IF(($A16='WOC QUERY'!$B$7:$B$1000)*(AB$1='WOC QUERY'!$D$2:$BI$2)*(AB$2='WOC QUERY'!$D$3:$BI$3)*(AB$3='WOC QUERY'!$D$4:$BI$4)*(AB$4='WOC QUERY'!$A$7:$A$1000),'WOC QUERY'!$D$7:$BI$1000))} -> #DIV/0! | AC16: {=SUM(IF(($A16='WOC QUERY'!$B$7:$B$1000)*(AC$1='WOC QUERY'!$D$2:$BI$2)*(AC$2='WOC QUERY'!$D$3:$BI$3)*(AC$3='WOC QUERY'!$D$4:$BI$4)*(AC$5='WOC QUERY'!$A$7:$A$1000)*(AC$4='WOC QUERY'!$A$7:$A$1000)*(AC$6='WOC QUERY'!$A$7:$A$1000),'WOC QUERY'!$D$7:$BI$1000))/COUNT(IF(($A16='WOC QUERY'!$B$7:$B$1000)*(AC$1='WOC QUERY'!$D$2:$BI$2)*(AC$2='WOC QUERY'!$D$3:$BI$3)*(AC$3='WOC QUERY'!$D$4:$BI$4)*(AC$5='WOC QUERY'!$A$7:$A$1000)*(AC$4='WOC QUERY'!$A$7:$A$1000)*(AC$6='WOC QUERY'!$A$7:$A$1000),'WOC QUERY'!$D$7:$BI$1000))} -> #DIV/0! | AD16: =SUM(AA16:AC16) -> #DIV/0!
A17: Training | B17: =A17 -> Training | D17: {=SUM(IF(($A17='WOC QUERY'!$B$7:$B$1000)*(D$1='WOC QUERY'!$D$2:$BI$2)*(D$2='WOC QUERY'!$D$3:$BI$3)*(D$3='WOC QUERY'!$D$4:$BI$4)*(D$4='WOC QUERY'!$A$7:$A$1000),'WOC QUERY'!$D$7:$BI$1000))/COUNT(IF(($A17='WOC QUERY'!$B$7:$B$1000)*(D$1='WOC QUERY'!$D$2:$BI$2)*(D$2='WOC QUERY'!$D$3:$BI$3)*(D$3='WOC QUERY'!$D$4:$BI$4)*(D$4='WOC QUERY'!$A$7:$A$1000),'WOC QUERY'!$D$7:$BI$1000))} -> -2.521547 | E17: {=SUM(IF(($A17='WOC QUERY'!$B$7:$B$1000)*(E$1='WOC QUERY'!$D$2:$BI$2)*(E$2='WOC QUERY'!$D$3:$BI$3)*(E$3='WOC QUERY'!$D$4:$BI$4)*(E$4='WOC QUERY'!$A$7:$A$1000),'WOC QUERY'!$D$7:$BI$1000))/COUNT(IF(($A17='WOC QUERY'!$B$7:$B$1000)*(E$1='WOC QUERY'!$D$2:$BI$2)*(E$2='WOC QUERY'!$D$3:$BI$3)*(E$3='WOC QUERY'!$D$4:$BI$4)*(E$4='WOC QUERY'!$A$7:$A$1000),'WOC QUERY'!$D$7:$BI$1000))} -> 14.739978 | F17: =SUM(G17:I17) -> #DIV/0! | G17: {=SUM(IF(($A17='WOC QUERY'!$B$7:$B$1000)*(G$1='WOC QUERY'!$D$2:$BI$2)*(G$2='WOC QUERY'!$D$3:$BI$3)*(G$3='WOC QUERY'!$D$4:$BI$4)*(G$4='WOC QUERY'!$A$7:$A$1000),'WOC QUERY'!$D$7:$BI$1000))/COUNT(IF(($A17='WOC QUERY'!$B$7:$B$1000)*(G$1='WOC QUERY'!$D$2:$BI$2)*(G$2='WOC QUERY'!$D$3:$BI$3)*(G$3='WOC QUERY'!$D$4:$BI$4)*(G$4='WOC QUERY'!$A$7:$A$1000),'WOC QUERY'!$D$7:$BI$1000))} -> -5.3222537 | H17: {=SUM(IF(($A17='WOC QUERY'!$B$7:$B$1000)*(H$1='WOC QUERY'!$D$2:$BI$2)*(H$2='WOC QUERY'!$D$3:$BI$3)*(H$3='WOC QUERY'!$D$4:$BI$4)*(H$4='WOC QUERY'!$A$7:$A$1000),'WOC QUERY'!$D$7:$BI$1000))/COUNT(IF(($A17='WOC QUERY'!$B$7:$B$1000)*(H$1='WOC QUERY'!$D$2:$BI$2)*(H$2='WOC QUERY'!$D$3:$BI$3)*(H$3='WOC QUERY'!$D$4:$BI$4)*(H$4='WOC QUERY'!$A$7:$A$1000),'WOC QUERY'!$D$7:$BI$1000))} -> -3.6107228 | I17: {=SUM(IF(($A17='WOC QUERY'!$B$7:$B$1000)*(I$1='WOC QUERY'!$D$2:$BI$2)*(I$2='WOC QUERY'!$D$3:$BI$3)*(I$3='WOC QUERY'!$D$4:$BI$4)*(I$4='WOC QUERY'!$A$7:$A$1000),'WOC QUERY'!$D$7:$BI$1000))/COUNT(IF(($A17='WOC QUERY'!$B$7:$B$1000)*(I$1='WOC QUERY'!$D$2:$BI$2)*(I$2='WOC QUERY'!$D$3:$BI$3)*(I$3='WOC QUERY'!$D$4:$BI$4)*(I$4='WOC QUERY'!$A$7:$A$1000),'WOC QUERY'!$D$7:$BI$1000))} -> #DIV/0! | J17: =SUM(D17:F17) -> #DIV/0! | L17: {=SUM(IF(($A17='WOC QUERY'!$B$7:$B$1000)*(L$1='WOC QUERY'!$D$2:$BI$2)*(L$2='WOC QUERY'!$D$3:$BI$3)*(L$3='WOC QUERY'!$D$4:$BI$4)*(L$4='WOC QUERY'!$A$7:$A$1000),'WOC QUERY'!$D$7:$BI$1000))/COUNT(IF(($A17='WOC QUERY'!$B$7:$B$1000)*(L$1='WOC QUERY'!$D$2:$BI$2)*(L$2='WOC QUERY'!$D$3:$BI$3)*(L$3='WOC QUERY'!$D$4:$BI$4)*(L$4='WOC QUERY'!$A$7:$A$1000),'WOC QUERY'!$D$7:$BI$1000))} -> #DIV/0! | M17: {=SUM(IF(($A17='WOC QUERY'!$B$7:$B$1000)*(M$1='WOC QUERY'!$D$2:$BI$2)*(M$2='WOC QUERY'!$D$3:$BI$3)*(M$3='WOC QUERY'!$D$4:$BI$4)*(M$4='WOC QUERY'!$A$7:$A$1000),'WOC QUERY'!$D$7:$BI$1000))/COUNT(IF(($A17='WOC QUERY'!$B$7:$B$1000)*(M$1='WOC QUERY'!$D$2:$BI$2)*(M$2='WOC QUERY'!$D$3:$BI$3)*(M$3='WOC QUERY'!$D$4:$BI$4)*(M$4='WOC QUERY'!$A$7:$A$1000),'WOC QUERY'!$D$7:$BI$1000))} -> #DIV/0! | N17: {=SUM(IF(($A17='WOC QUERY'!$B$7:$B$1000)*(N$1='WOC QUERY'!$D$2:$BI$2)*(N$2='WOC QUERY'!$D$3:$BI$3)*(N$3='WOC QUERY'!$D$4:$BI$4)*(N$5='WOC QUERY'!$A$7:$A$1000)*(N$4='WOC QUERY'!$A$7:$A$1000)*(N$6='WOC QUERY'!$A$7:$A$1000),'WOC QUERY'!$D$7:$BI$1000))/COUNT(IF(($A17='WOC QUERY'!$B$7:$B$1000)*(N$1='WOC QUERY'!$D$2:$BI$2)*(N$2='WOC QUERY'!$D$3:$BI$3)*(N$3='WOC QUERY'!$D$4:$BI$4)*(N$5='WOC QUERY'!$A$7:$A$1000)*(N$4='WOC QUERY'!$A$7:$A$1000)*(N$6='WOC QUERY'!$A$7:$A$1000),'WOC QUERY'!$D$7:$BI$1000))} -> #DIV/0! | O17: =+SUM(L17:N17) -> #DIV/0! | Q17: {=SUM(IF(($A17='WOC QUERY'!$B$7:$B$1000)*(Q$1='WOC QUERY'!$D$2:$BI$2)*(Q$2='WOC QUERY'!$D$3:$BI$3)*(Q$3='WOC QUERY'!$D$4:$BI$4)*(Q$4='WOC QUERY'!$A$7:$A$1000),'WOC QUERY'!$D$7:$BI$1000))/COUNT(IF(($A17='WOC QUERY'!$B$7:$B$1000)*(Q$1='WOC QUERY'!$D$2:$BI$2)*(Q$2='WOC QUERY'!$D$3:$BI$3)*(Q$3='WOC QUERY'!$D$4:$BI$4)*(Q$4='WOC QUERY'!$A$7:$A$1000),'WOC QUERY'!$D$7:$BI$1000))} -> 0.98790738 | R17: {=SUM(IF(($A17='WOC QUERY'!$B$7:$B$1000)*(R$1='WOC QUERY'!$D$2:$BI$2)*(R$2='WOC QUERY'!$D$3:$BI$3)*(R$3='WOC QUERY'!$D$4:$BI$4)*(R$4='WOC QUERY'!$A$7:$A$1000),'WOC QUERY'!$D$7:$BI$1000))/COUNT(IF(($A17='WOC QUERY'!$B$7:$B$1000)*(R$1='WOC QUERY'!$D$2:$BI$2)*(R$2='WOC QUERY'!$D$3:$BI$3)*(R$3='WOC QUERY'!$D$4:$BI$4)*(R$4='WOC QUERY'!$A$7:$A$1000),'WOC QUERY'!$D$7:$BI$1000))} -> 14.478941 | S17: {=SUM(IF(($A17='WOC QUERY'!$B$7:$B$1000)*(S$1='WOC QUERY'!$D$2:$BI$2)*(S$2='WOC QUERY'!$D$3:$BI$3)*(S$3='WOC QUERY'!$D$4:$BI$4)*(S$5='WOC QUERY'!$A$7:$A$1000)*(S$4='WOC QUERY'!$A$7:$A$1000)*(S$6='WOC QUERY'!$A$7:$A$1000),'WOC QUERY'!$D$7:$BI$1000))/COUNT(IF(($A17='WOC QUERY'!$B$7:$B$1000)*(S$1='WOC QUERY'!$D$2:$BI$2)*(S$2='WOC QUERY'!$D$3:$BI$3)*(S$3='WOC QUERY'!$D$4:$BI$4)*(S$5='WOC QUERY'!$A$7:$A$1000)*(S$4='WOC QUERY'!$A$7:$A$1000)*(S$6='WOC QUERY'!$A$7:$A$1000),'WOC QUERY'!$D$7:$BI$1000))} -> #DIV/0! | T17: =SUM(Q17:S17) -> #DIV/0! | V17: {=SUM(IF(($A17='WOC QUERY'!$B$7:$B$1000)*(V$1='WOC QUERY'!$D$2:$BI$2)*(V$2='WOC QUERY'!$D$3:$BI$3)*(V$3='WOC QUERY'!$D$4:$BI$4)*(V$4='WOC QUERY'!$A$7:$A$1000),'WOC QUERY'!$D$7:$BI$1000))/COUNT(IF(($A17='WOC QUERY'!$B$7:$B$1000)*(V$1='WOC QUERY'!$D$2:$BI$2)*(V$2='WOC QUERY'!$D$3:$BI$3)*(V$3='WOC QUERY'!$D$4:$BI$4)*(V$4='WOC QUERY'!$A$7:$A$1000),'WOC QUERY'!$D$7:$BI$1000))} -> 1.0332918 | W17: {=SUM(IF(($A17='WOC QUERY'!$B$7:$B$1000)*(W$1='WOC QUERY'!$D$2:$BI$2)*(W$2='WOC QUERY'!$D$3:$BI$3)*(W$3='WOC QUERY'!$D$4:$BI$4)*(W$4='WOC QUERY'!$A$7:$A$1000),'WOC QUERY'!$D$7:$BI$1000))/COUNT(IF(($A17='WOC QUERY'!$B$7:$B$1000)*(W$1='WOC QUERY'!$D$2:$BI$2)*(W$2='WOC QUERY'!$D$3:$BI$3)*(W$3='WOC QUERY'!$D$4:$BI$4)*(W$4='WOC QUERY'!$A$7:$A$1000),'WOC QUERY'!$D$7:$BI$1000))} -> 14.903566 | X17: {=SUM(IF(($A17='WOC QUERY'!$B$7:$B$1000)*(X$1='WOC QUERY'!$D$2:$BI$2)*(X$2='WOC QUERY'!$D$3:$BI$3)*(X$3='WOC QUERY'!$D$4:$BI$4)*(X$5='WOC QUERY'!$A$7:$A$1000)*(X$4='WOC QUERY'!$A$7:$A$1000)*(X$6='WOC QUERY'!$A$7:$A$1000),'WOC QUERY'!$D$7:$BI$1000))/COUNT(IF(($A17='WOC QUERY'!$B$7:$B$1000)*(X$1='WOC QUERY'!$D$2:$BI$2)*(X$2='WOC QUERY'!$D$3:$BI$3)*(X$3='WOC QUERY'!$D$4:$BI$4)*(X$5='WOC QUERY'!$A$7:$A$1000)*(X$4='WOC QUERY'!$A$7:$A$1000)*(X$6='WOC QUERY'!$A$7:$A$1000),'WOC QUERY'!$D$7:$BI$1000))} -> #DIV/0! | Y17: =SUM(V17:X17) -> #DIV/0! | AA17: {=SUM(IF(($A17='WOC QUERY'!$B$7:$B$1000)*(AA$1='WOC QUERY'!$D$2:$BI$2)*(AA$2='WOC QUERY'!$D$3:$BI$3)*(AA$3='WOC QUERY'!$D$4:$BI$4)*(AA$4='WOC QUERY'!$A$7:$A$1000),'WOC QUERY'!$D$7:$BI$1000))/COUNT(IF(($A17='WOC QUERY'!$B$7:$B$1000)*(AA$1='WOC QUERY'!$D$2:$BI$2)*(AA$2='WOC QUERY'!$D$3:$BI$3)*(AA$3='WOC QUERY'!$D$4:$BI$4)*(AA$4='WOC QUERY'!$A$7:$A$1000),'WOC QUERY'!$D$7:$BI$1000))} -> #DIV/0! | AB17: {=SUM(IF(($A17='WOC QUERY'!$B$7:$B$1000)*(AB$1='WOC QUERY'!$D$2:$BI$2)*(AB$2='WOC QUERY'!$D$3:$BI$3)*(AB$3='WOC QUERY'!$D$4:$BI$4)*(AB$4='WOC QUERY'!$A$7:$A$1000),'WOC QUERY'!$D$7:$BI$1000))/COUNT(IF(($A17='WOC QUERY'!$B$7:$B$1000)*(AB$1='WOC QUERY'!$D$2:$BI$2)*(AB$2='WOC QUERY'!$D$3:$BI$3)*(AB$3='WOC QUERY'!$D$4:$BI$4)*(AB$4='WOC QUERY'!$A$7:$A$1000),'WOC QUERY'!$D$7:$BI$1000))} -> #DIV/0! | AC17: {=SUM(IF(($A17='WOC QUERY'!$B$7:$B$1000)*(AC$1='WOC QUERY'!$D$2:$BI$2)*(AC$2='WOC QUERY'!$D$3:$BI$3)*(AC$3='WOC QUERY'!$D$4:$BI$4)*(AC$5='WOC QUERY'!$A$7:$A$1000)*(AC$4='WOC QUERY'!$A$7:$A$1000)*(AC$6='WOC QUERY'!$A$7:$A$1000),'WOC QUERY'!$D$7:$BI$1000))/COUNT(IF(($A17='WOC QUERY'!$B$7:$B$1000)*(AC$1='WOC QUERY'!$D$2:$BI$2)*(AC$2='WOC QUERY'!$D$3:$BI$3)*(AC$3='WOC QUERY'!$D$4:$BI$4)*(AC$5='WOC QUERY'!$A$7:$A$1000)*(AC$4='WOC QUERY'!$A$7:$A$1000)*(AC$6='WOC QUERY'!$A$7:$A$1000),'WOC QUERY'!$D$7:$BI$1000))} -> #DIV/0! | AD17: =SUM(AA17:AC17) -> #DIV/0!
A18: Support Engineering | B18: =A18 -> Support Engineering | D18: {=SUM(IF(($A18='WOC QUERY'!$B$7:$B$1000)*(D$1='WOC QUERY'!$D$2:$BI$2)*(D$2='WOC QUERY'!$D$3:$BI$3)*(D$3='WOC QUERY'!$D$4:$BI$4)*(D$4='WOC QUERY'!$A$7:$A$1000),'WOC QUERY'!$D$7:$BI$1000))/COUNT(IF(($A18='WOC QUERY'!$B$7:$B$1000)*(D$1='WOC QUERY'!$D$2:$BI$2)*(D$2='WOC QUERY'!$D$3:$BI$3)*(D$3='WOC QUERY'!$D$4:$BI$4)*(D$4='WOC QUERY'!$A$7:$A$1000),'WOC QUERY'!$D$7:$BI$1000))} -> -1.3641668 | E18: {=SUM(IF(($A18='WOC QUERY'!$B$7:$B$1000)*(E$1='WOC QUERY'!$D$2:$BI$2)*(E$2='WOC QUERY'!$D$3:$BI$3)*(E$3='WOC QUERY'!$D$4:$BI$4)*(E$4='WOC QUERY'!$A$7:$A$1000),'WOC QUERY'!$D$7:$BI$1000))/COUNT(IF(($A18='WOC QUERY'!$B$7:$B$1000)*(E$1='WOC QUERY'!$D$2:$BI$2)*(E$2='WOC QUERY'!$D$3:$BI$3)*(E$3='WOC QUERY'!$D$4:$BI$4)*(E$4='WOC QUERY'!$A$7:$A$1000),'WOC QUERY'!$D$7:$BI$1000))} -> 3.8403373 | F18: =SUM(G18:I18) -> #DIV/0! | G18: {=SUM(IF(($A18='WOC QUERY'!$B$7:$B$1000)*(G$1='WOC QUERY'!$D$2:$BI$2)*(G$2='WOC QUERY'!$D$3:$BI$3)*(G$3='WOC QUERY'!$D$4:$BI$4)*(G$4='WOC QUERY'!$A$7:$A$1000),'WOC QUERY'!$D$7:$BI$1000))/COUNT(IF(($A18='WOC QUERY'!$B$7:$B$1000)*(G$1='WOC QUERY'!$D$2:$BI$2)*(G$2='WOC QUERY'!$D$3:$BI$3)*(G$3='WOC QUERY'!$D$4:$BI$4)*(G$4='WOC QUERY'!$A$7:$A$1000),'WOC QUERY'!$D$7:$BI$1000))} -> -0.9059516 | H18: {=SUM(IF(($A18='WOC QUERY'!$B$7:$B$1000)*(H$1='WOC QUERY'!$D$2:$BI$2)*(H$2='WOC QUERY'!$D$3:$BI$3)*(H$3='WOC QUERY'!$D$4:$BI$4)*(H$4='WOC QUERY'!$A$7:$A$1000),'WOC QUERY'!$D$7:$BI$1000))/COUNT(IF(($A18='WOC QUERY'!$B$7:$B$1000)*(H$1='WOC QUERY'!$D$2:$BI$2)*(H$2='WOC QUERY'!$D$3:$BI$3)*(H$3='WOC QUERY'!$D$4:$BI$4)*(H$4='WOC QUERY'!$A$7:$A$1000),'WOC QUERY'!$D$7:$BI$1000))} -> -0.57224895 | I18: {=SUM(IF(($A18='WOC QUERY'!$B$7:$B$1000)*(I$1='WOC QUERY'!$D$2:$BI$2)*(I$2='WOC QUERY'!$D$3:$BI$3)*(I$3='WOC QUERY'!$D$4:$BI$4)*(I$4='WOC QUERY'!$A$7:$A$1000),'WOC QUERY'!$D$7:$BI$1000))/COUNT(IF(($A18='WOC QUERY'!$B$7:$B$1000)*(I$1='WOC QUERY'!$D$2:$BI$2)*(I$2='WOC QUERY'!$D$3:$BI$3)*(I$3='WOC QUERY'!$D$4:$BI$4)*(I$4='WOC QUERY'!$A$7:$A$1000),'WOC QUERY'!$D$7:$BI$1000))} -> #DIV/0! | J18: =SUM(D18:F18) -> #DIV/0! | L18: {=SUM(IF(($A18='WOC QUERY'!$B$7:$B$1000)*(L$1='WOC QUERY'!$D$2:$BI$2)*(L$2='WOC QUERY'!$D$3:$BI$3)*(L$3='WOC QUERY'!$D$4:$BI$4)*(L$4='WOC QUERY'!$A$7:$A$1000),'WOC QUERY'!$D$7:$BI$1000))/COUNT(IF(($A18='WOC QUERY'!$B$7:$B$1000)*(L$1='WOC QUERY'!$D$2:$BI$2)*(L$2='WOC QUERY'!$D$3:$BI$3)*(L$3='WOC QUERY'!$D$4:$BI$4)*(L$4='WOC QUERY'!$A$7:$A$1000),'WOC QUERY'!$D$7:$BI$1000))} -> #DIV/0! | M18: {=SUM(IF(($A18='WOC QUERY'!$B$7:$B$1000)*(M$1='WOC QUERY'!$D$2:$BI$2)*(M$2='WOC QUERY'!$D$3:$BI$3)*(M$3='WOC QUERY'!$D$4:$BI$4)*(M$4='WOC QUERY'!$A$7:$A$1000),'WOC QUERY'!$D$7:$BI$1000))/COUNT(IF(($A18='WOC QUERY'!$B$7:$B$1000)*(M$1='WOC QUERY'!$D$2:$BI$2)*(M$2='WOC QUERY'!$D$3:$BI$3)*(M$3='WOC QUERY'!$D$4:$BI$4)*(M$4='WOC QUERY'!$A$7:$A$1000),'WOC QUERY'!$D$7:$BI$1000))} -> #DIV/0! | N18: {=SUM(IF(($A18='WOC QUERY'!$B$7:$B$1000)*(N$1='WOC QUERY'!$D$2:$BI$2)*(N$2='WOC QUERY'!$D$3:$BI$3)*(N$3='WOC QUERY'!$D$4:$BI$4)*(N$5='WOC QUERY'!$A$7:$A$1000)*(N$4='WOC QUERY'!$A$7:$A$1000)*(N$6='WOC QUERY'!$A$7:$A$1000),'WOC QUERY'!$D$7:$BI$1000))/COUNT(IF(($A18='WOC QUERY'!$B$7:$B$1000)*(N$1='WOC QUERY'!$D$2:$BI$2)*(N$2='WOC QUERY'!$D$3:$BI$3)*(N$3='WOC QUERY'!$D$4:$BI$4)*(N$5='WOC QUERY'!$A$7:$A$1000)*(N$4='WOC QUERY'!$A$7:$A$1000)*(N$6='WOC QUERY'!$A$7:$A$1000),'WOC QUERY'!$D$7:$BI$1000))} -> #DIV/0! | O18: =+SUM(L18:N18) -> #DIV/0! | Q18: {=SUM(IF(($A18='WOC QUERY'!$B$7:$B$1000)*(Q$1='WOC QUERY'!$D$2:$BI$2)*(Q$2='WOC QUERY'!$D$3:$BI$3)*(Q$3='WOC QUERY'!$D$4:$BI$4)*(Q$4='WOC QUERY'!$A$7:$A$1000),'WOC QUERY'!$D$7:$BI$1000))/COUNT(IF(($A18='WOC QUERY'!$B$7:$B$1000)*(Q$1='WOC QUERY'!$D$2:$BI$2)*(Q$2='WOC QUERY'!$D$3:$BI$3)*(Q$3='WOC QUERY'!$D$4:$BI$4)*(Q$4='WOC QUERY'!$A$7:$A$1000),'WOC QUERY'!$D$7:$BI$1000))} -> -1.3190029 | R18: {=SUM(IF(($A18='WOC QUERY'!$B$7:$B$1000)*(R$1='WOC QUERY'!$D$2:$BI$2)*(R$2='WOC QUERY'!$D$3:$BI$3)*(R$3='WOC QUERY'!$D$4:$BI$4)*(R$4='WOC QUERY'!$A$7:$A$1000),'WOC QUERY'!$D$7:$BI$1000))/COUNT(IF(($A18='WOC QUERY'!$B$7:$B$1000)*(R$1='WOC QUERY'!$D$2:$BI$2)*(R$2='WOC QUERY'!$D$3:$BI$3)*(R$3='WOC QUERY'!$D$4:$BI$4)*(R$4='WOC QUERY'!$A$7:$A$1000),'WOC QUERY'!$D$7:$BI$1000))} -> -0.81753721 | S18: {=SUM(IF(($A18='WOC QUERY'!$B$7:$B$1000)*(S$1='WOC QUERY'!$D$2:$BI$2)*(S$2='WOC QUERY'!$D$3:$BI$3)*(S$3='WOC QUERY'!$D$4:$BI$4)*(S$5='WOC QUERY'!$A$7:$A$1000)*(S$4='WOC QUERY'!$A$7:$A$1000)*(S$6='WOC QUERY'!$A$7:$A$1000),'WOC QUERY'!$D$7:$BI$1000))/COUNT(IF(($A18='WOC QUERY'!$B$7:$B$1000)*(S$1='WOC QUERY'!$D$2:$BI$2)*(S$2='WOC QUERY'!$D$3:$BI$3)*(S$3='WOC QUERY'!$D$4:$BI$4)*(S$5='WOC QUERY'!$A$7:$A$1000)*(S$4='WOC QUERY'!$A$7:$A$1000)*(S$6='WOC QUERY'!$A$7:$A$1000),'WOC QUERY'!$D$7:$BI$1000))} -> #DIV/0! | T18: =SUM(Q18:S18) -> #DIV/0! | V18: {=SUM(IF(($A18='WOC QUERY'!$B$7:$B$1000)*(V$1='WOC QUERY'!$D$2:$BI$2)*(V$2='WOC QUERY'!$D$3:$BI$3)*(V$3='WOC QUERY'!$D$4:$BI$4)*(V$4='WOC QUERY'!$A$7:$A$1000),'WOC QUERY'!$D$7:$BI$1000))/COUNT(IF(($A18='WOC QUERY'!$B$7:$B$1000)*(V$1='WOC QUERY'!$D$2:$BI$2)*(V$2='WOC QUERY'!$D$3:$BI$3)*(V$3='WOC QUERY'!$D$4:$BI$4)*(V$4='WOC QUERY'!$A$7:$A$1000),'WOC QUERY'!$D$7:$BI$1000))} -> -1.3580037 | W18: {=SUM(IF(($A18='WOC QUERY'!$B$7:$B$1000)*(W$1='WOC QUERY'!$D$2:$BI$2)*(W$2='WOC QUERY'!$D$3:$BI$3)*(W$3='WOC QUERY'!$D$4:$BI$4)*(W$4='WOC QUERY'!$A$7:$A$1000),'WOC QUERY'!$D$7:$BI$1000))/COUNT(IF(($A18='WOC QUERY'!$B$7:$B$1000)*(W$1='WOC QUERY'!$D$2:$BI$2)*(W$2='WOC QUERY'!$D$3:$BI$3)*(W$3='WOC QUERY'!$D$4:$BI$4)*(W$4='WOC QUERY'!$A$7:$A$1000),'WOC QUERY'!$D$7:$BI$1000))} -> -0.78530246 | X18: {=SUM(IF(($A18='WOC QUERY'!$B$7:$B$1000)*(X$1='WOC QUERY'!$D$2:$BI$2)*(X$2='WOC QUERY'!$D$3:$BI$3)*(X$3='WOC QUERY'!$D$4:$BI$4)*(X$5='WOC QUERY'!$A$7:$A$1000)*(X$4='WOC QUERY'!$A$7:$A$1000)*(X$6='WOC QUERY'!$A$7:$A$1000),'WOC QUERY'!$D$7:$BI$1000))/COUNT(IF(($A18='WOC QUERY'!$B$7:$B$1000)*(X$1='WOC QUERY'!$D$2:$BI$2)*(X$2='WOC QUERY'!$D$3:$BI$3)*(X$3='WOC QUERY'!$D$4:$BI$4)*(X$5='WOC QUERY'!$A$7:$A$1000)*(X$4='WOC QUERY'!$A$7:$A$1000)*(X$6='WOC QUERY'!$A$7:$A$1000),'WOC QUERY'!$D$7:$BI$1000))} -> #DIV/0! | Y18: =SUM(V18:X18) -> #DIV/0! | AA18: {=SUM(IF(($A18='WOC QUERY'!$B$7:$B$1000)*(AA$1='WOC QUERY'!$D$2:$BI$2)*(AA$2='WOC QUERY'!$D$3:$BI$3)*(AA$3='WOC QUERY'!$D$4:$BI$4)*(AA$4='WOC QUERY'!$A$7:$A$1000),'WOC QUERY'!$D$7:$BI$1000))/COUNT(IF(($A18='WOC QUERY'!$B$7:$B$1000)*(AA$1='WOC QUERY'!$D$2:$BI$2)*(AA$2='WOC QUERY'!$D$3:$BI$3)*(AA$3='WOC QUERY'!$D$4:$BI$4)*(AA$4='WOC QUERY'!$A$7:$A$1000),'WOC QUERY'!$D$7:$BI$1000))} -> #DIV/0! | AB18: {=SUM(IF(($A18='WOC QUERY'!$B$7:$B$1000)*(AB$1='WOC QUERY'!$D$2:$BI$2)*(AB$2='WOC QUERY'!$D$3:$BI$3)*(AB$3='WOC QUERY'!$D$4:$BI$4)*(AB$4='WOC QUERY'!$A$7:$A$1000),'WOC QUERY'!$D$7:$BI$1000))/COUNT(IF(($A18='WOC QUERY'!$B$7:$B$1000)*(AB$1='WOC QUERY'!$D$2:$BI$2)*(AB$2='WOC QUERY'!$D$3:$BI$3)*(AB$3='WOC QUERY'!$D$4:$BI$4)*(AB$4='WOC QUERY'!$A$7:$A$1000),'WOC QUERY'!$D$7:$BI$1000))} -> #DIV/0! | AC18: {=SUM(IF(($A18='WOC QUERY'!$B$7:$B$1000)*(AC$1='WOC QUERY'!$D$2:$BI$2)*(AC$2='WOC QUERY'!$D$3:$BI$3)*(AC$3='WOC QUERY'!$D$4:$BI$4)*(AC$5='WOC QUERY'!$A$7:$A$1000)*(AC$4='WOC QUERY'!$A$7:$A$1000)*(AC$6='WOC QUERY'!$A$7:$A$1000),'WOC QUERY'!$D$7:$BI$1000))/COUNT(IF(($A18='WOC QUERY'!$B$7:$B$1000)*(AC$1='WOC QUERY'!$D$2:$BI$2)*(AC$2='WOC QUERY'!$D$3:$BI$3)*(AC$3='WOC QUERY'!$D$4:$BI$4)*(AC$5='WOC QUERY'!$A$7:$A$1000)*(AC$4='WOC QUERY'!$A$7:$A$1000)*(AC$6='WOC QUERY'!$A$7:$A$1000),'WOC QUERY'!$D$7:$BI$1000))} -> #DIV/0! | AD18: =SUM(AA18:AC18) -> #DIV/0!
A19: Used | B19: =A19 -> Used | D19: {=SUM(IF(($A19='WOC QUERY'!$B$7:$B$1000)*(D$1='WOC QUERY'!$D$2:$BI$2)*(D$2='WOC QUERY'!$D$3:$BI$3)*(D$3='WOC QUERY'!$D$4:$BI$4)*(D$4='WOC QUERY'!$A$7:$A$1000),'WOC QUERY'!$D$7:$BI$1000))/COUNT(IF(($A19='WOC QUERY'!$B$7:$B$1000)*(D$1='WOC QUERY'!$D$2:$BI$2)*(D$2='WOC QUERY'!$D$3:$BI$3)*(D$3='WOC QUERY'!$D$4:$BI$4)*(D$4='WOC QUERY'!$A$7:$A$1000),'WOC QUERY'!$D$7:$BI$1000))} -> 20.110853 | E19: {=SUM(IF(($A19='WOC QUERY'!$B$7:$B$1000)*(E$1='WOC QUERY'!$D$2:$BI$2)*(E$2='WOC QUERY'!$D$3:$BI$3)*(E$3='WOC QUERY'!$D$4:$BI$4)*(E$4='WOC QUERY'!$A$7:$A$1000),'WOC QUERY'!$D$7:$BI$1000))/COUNT(IF(($A19='WOC QUERY'!$B$7:$B$1000)*(E$1='WOC QUERY'!$D$2:$BI$2)*(E$2='WOC QUERY'!$D$3:$BI$3)*(E$3='WOC QUERY'!$D$4:$BI$4)*(E$4='WOC QUERY'!$A$7:$A$1000),'WOC QUERY'!$D$7:$BI$1000))} -> 1.2608357 | F19: =SUM(G19:I19) -> #DIV/0! | G19: {=SUM(IF(($A19='WOC QUERY'!$B$7:$B$1000)*(G$1='WOC QUERY'!$D$2:$BI$2)*(G$2='WOC QUERY'!$D$3:$BI$3)*(G$3='WOC QUERY'!$D$4:$BI$4)*(G$4='WOC QUERY'!$A$7:$A$1000),'WOC QUERY'!$D$7:$BI$1000))/COUNT(IF(($A19='WOC QUERY'!$B$7:$B$1000)*(G$1='WOC QUERY'!$D$2:$BI$2)*(G$2='WOC QUERY'!$D$3:$BI$3)*(G$3='WOC QUERY'!$D$4:$BI$4)*(G$4='WOC QUERY'!$A$7:$A$1000),'WOC QUERY'!$D$7:$BI$1000))} -> -0.13085 | H19: {=SUM(IF(($A19='WOC QUERY'!$B$7:$B$1000)*(H$1='WOC QUERY'!$D$2:$BI$2)*(H$2='WOC QUERY'!$D$3:$BI$3)*(H$3='WOC QUERY'!$D$4:$BI$4)*(H$4='WOC QUERY'!$A$7:$A$1000),'WOC QUERY'!$D$7:$BI$1000))/COUNT(IF(($A19='WOC QUERY'!$B$7:$B$1000)*(H$1='WOC QUERY'!$D$2:$BI$2)*(H$2='WOC QUERY'!$D$3:$BI$3)*(H$3='WOC QUERY'!$D$4:$BI$4)*(H$4='WOC QUERY'!$A$7:$A$1000),'WOC QUERY'!$D$7:$BI$1000))} -> #DIV/0! | I19: {=SUM(IF(($A19='WOC QUERY'!$B$7:$B$1000)*(I$1='WOC QUERY'!$D$2:$BI$2)*(I$2='WOC QUERY'!$D$3:$BI$3)*(I$3='WOC QUERY'!$D$4:$BI$4)*(I$4='WOC QUERY'!$A$7:$A$1000),'WOC QUERY'!$D$7:$BI$1000))/COUNT(IF(($A19='WOC QUERY'!$B$7:$B$1000)*(I$1='WOC QUERY'!$D$2:$BI$2)*(I$2='WOC QUERY'!$D$3:$BI$3)*(I$3='WOC QUERY'!$D$4:$BI$4)*(I$4='WOC QUERY'!$A$7:$A$1000),'WOC QUERY'!$D$7:$BI$1000))} -> #DIV/0! | J19: =SUM(D19:F19) -> #DIV/0! | L19: {=SUM(IF(($A19='WOC QUERY'!$B$7:$B$1000)*(L$1='WOC QUERY'!$D$2:$BI$2)*(L$2='WOC QUERY'!$D$3:$BI$3)*(L$3='WOC QUERY'!$D$4:$BI$4)*(L$4='WOC QUERY'!$A$7:$A$1000),'WOC QUERY'!$D$7:$BI$1000))/COUNT(IF(($A19='WOC QUERY'!$B$7:$B$1000)*(L$1='WOC QUERY'!$D$2:$BI$2)*(L$2='WOC QUERY'!$D$3:$BI$3)*(L$3='WOC QUERY'!$D$4:$BI$4)*(L$4='WOC QUERY'!$A$7:$A$1000),'WOC QUERY'!$D$7:$BI$1000))} -> #DIV/0! | M19: {=SUM(IF(($A19='WOC QUERY'!$B$7:$B$1000)*(M$1='WOC QUERY'!$D$2:$BI$2)*(M$2='WOC QUERY'!$D$3:$BI$3)*(M$3='WOC QUERY'!$D$4:$BI$4)*(M$4='WOC QUERY'!$A$7:$A$1000),'WOC QUERY'!$D$7:$BI$1000))/COUNT(IF(($A19='WOC QUERY'!$B$7:$B$1000)*(M$1='WOC QUERY'!$D$2:$BI$2)*(M$2='WOC QUERY'!$D$3:$BI$3)*(M$3='WOC QUERY'!$D$4:$BI$4)*(M$4='WOC QUERY'!$A$7:$A$1000),'WOC QUERY'!$D$7:$BI$1000))} -> #DIV/0! | N19: {=SUM(IF(($A19='WOC QUERY'!$B$7:$B$1000)*(N$1='WOC QUERY'!$D$2:$BI$2)*(N$2='WOC QUERY'!$D$3:$BI$3)*(N$3='WOC QUERY'!$D$4:$BI$4)*(N$5='WOC QUERY'!$A$7:$A$1000)*(N$4='WOC QUERY'!$A$7:$A$1000)*(N$6='WOC QUERY'!$A$7:$A$1000),'WOC QUERY'!$D$7:$BI$1000))/COUNT(IF(($A19='WOC QUERY'!$B$7:$B$1000)*(N$1='WOC QUERY'!$D$2:$BI$2)*(N$2='WOC QUERY'!$D$3:$BI$3)*(N$3='WOC QUERY'!$D$4:$BI$4)*(N$5='WOC QUERY'!$A$7:$A$1000)*(N$4='WOC QUERY'!$A$7:$A$1000)*(N$6='WOC QUERY'!$A$7:$A$1000),'WOC QUERY'!$D$7:$BI$1000))} -> #DIV/0! | O19: =+SUM(L19:N19) -> #DIV/0! | Q19: {=SUM(IF(($A19='WOC QUERY'!$B$7:$B$1000)*(Q$1='WOC QUERY'!$D$2:$BI$2)*(Q$2='WOC QUERY'!$D$3:$BI$3)*(Q$3='WOC QUERY'!$D$4:$BI$4)*(Q$4='WOC QUERY'!$A$7:$A$1000),'WOC QUERY'!$D$7:$BI$1000))/COUNT(IF(($A19='WOC QUERY'!$B$7:$B$1000)*(Q$1='WOC QUERY'!$D$2:$BI$2)*(Q$2='WOC QUERY'!$D$3:$BI$3)*(Q$3='WOC QUERY'!$D$4:$BI$4)*(Q$4='WOC QUERY'!$A$7:$A$1000),'WOC QUERY'!$D$7:$BI$1000))} -> 17.611339 | R19: {=SUM(IF(($A19='WOC QUERY'!$B$7:$B$1000)*(R$1='WOC QUERY'!$D$2:$BI$2)*(R$2='WOC QUERY'!$D$3:$BI$3)*(R$3='WOC QUERY'!$D$4:$BI$4)*(R$4='WOC QUERY'!$A$7:$A$1000),'WOC QUERY'!$D$7:$BI$1000))/COUNT(IF(($A19='WOC QUERY'!$B$7:$B$1000)*(R$1='WOC QUERY'!$D$2:$BI$2)*(R$2='WOC QUERY'!$D$3:$BI$3)*(R$3='WOC QUERY'!$D$4:$BI$4)*(R$4='WOC QUERY'!$A$7:$A$1000),'WOC QUERY'!$D$7:$BI$1000))} -> 1.2560582 | S19: {=SUM(IF(($A19='WOC QUERY'!$B$7:$B$1000)*(S$1='WOC QUERY'!$D$2:$BI$2)*(S$2='WOC QUERY'!$D$3:$BI$3)*(S$3='WOC QUERY'!$D$4:$BI$4)*(S$5='WOC QUERY'!$A$7:$A$1000)*(S$4='WOC QUERY'!$A$7:$A$1000)*(S$6='WOC QUERY'!$A$7:$A$1000),'WOC QUERY'!$D$7:$BI$1000))/COUNT(IF(($A19='WOC QUERY'!$B$7:$B$1000)*(S$1='WOC QUERY'!$D$2:$BI$2)*(S$2='WOC QUERY'!$D$3:$BI$3)*(S$3='WOC QUERY'!$D$4:$BI$4)*(S$5='WOC QUERY'!$A$7:$A$1000)*(S$4='WOC QUERY'!$A$7:$A$1000)*(S$6='WOC QUERY'!$A$7:$A$1000),'WOC QUERY'!$D$7:$BI$1000))} -> #DIV/0! | T19: =SUM(Q19:S19) -> #DIV/0! | V19: {=SUM(IF(($A19='WOC QUERY'!$B$7:$B$1000)*(V$1='WOC QUERY'!$D$2:$BI$2)*(V$2='WOC QUERY'!$D$3:$BI$3)*(V$3='WOC QUERY'!$D$4:$BI$4)*(V$4='WOC QUERY'!$A$7:$A$1000),'WOC QUERY'!$D$7:$BI$1000))/COUNT(IF(($A19='WOC QUERY'!$B$7:$B$1000)*(V$1='WOC QUERY'!$D$2:$BI$2)*(V$2='WOC QUERY'!$D$3:$BI$3)*(V$3='WOC QUERY'!$D$4:$BI$4)*(V$4='WOC QUERY'!$A$7:$A$1000),'WOC QUERY'!$D$7:$BI$1000))} -> 18.201791 | W19: {=SUM(IF(($A19='WOC QUERY'!$B$7:$B$1000)*(W$1='WOC QUERY'!$D$2:$BI$2)*(W$2='WOC QUERY'!$D$3:$BI$3)*(W$3='WOC QUERY'!$D$4:$BI$4)*(W$4='WOC QUERY'!$A$7:$A$1000),'WOC QUERY'!$D$7:$BI$1000))/COUNT(IF(($A19='WOC QUERY'!$B$7:$B$1000)*(W$1='WOC QUERY'!$D$2:$BI$2)*(W$2='WOC QUERY'!$D$3:$BI$3)*(W$3='WOC QUERY'!$D$4:$BI$4)*(W$4='WOC QUERY'!$A$7:$A$1000),'WOC QUERY'!$D$7:$BI$1000))} -> 1.4560583 | X19: {=SUM(IF(($A19='WOC QUERY'!$B$7:$B$1000)*(X$1='WOC QUERY'!$D$2:$BI$2)*(X$2='WOC QUERY'!$D$3:$BI$3)*(X$3='WOC QUERY'!$D$4:$BI$4)*(X$5='WOC QUERY'!$A$7:$A$1000)*(X$4='WOC QUERY'!$A$7:$A$1000)*(X$6='WOC QUERY'!$A$7:$A$1000),'WOC QUERY'!$D$7:$BI$1000))/COUNT(IF(($A19='WOC QUERY'!$B$7:$B$1000)*(X$1='WOC QUERY'!$D$2:$BI$2)*(X$2='WOC QUERY'!$D$3:$BI$3)*(X$3='WOC QUERY'!$D$4:$BI$4)*(X$5='WOC QUERY'!$A$7:$A$1000)*(X$4='WOC QUERY'!$A$7:$A$1000)*(X$6='WOC QUERY'!$A$7:$A$1000),'WOC QUERY'!$D$7:$BI$1000))} -> #DIV/0! | Y19: =SUM(V19:X19) -> #DIV/0! | AA19: {=SUM(IF(($A19='WOC QUERY'!$B$7:$B$1000)*(AA$1='WOC QUERY'!$D$2:$BI$2)*(AA$2='WOC QUERY'!$D$3:$BI$3)*(AA$3='WOC QUERY'!$D$4:$BI$4)*(AA$4='WOC QUERY'!$A$7:$A$1000),'WOC QUERY'!$D$7:$BI$1000))/COUNT(IF(($A19='WOC QUERY'!$B$7:$B$1000)*(AA$1='WOC QUERY'!$D$2:$BI$2)*(AA$2='WOC QUERY'!$D$3:$BI$3)*(AA$3='WOC QUERY'!$D$4:$BI$4)*(AA$4='WOC QUERY'!$A$7:$A$1000),'WOC QUERY'!$D$7:$BI$1000))} -> #DIV/0! | AB19: {=SUM(IF(($A19='WOC QUERY'!$B$7:$B$1000)*(AB$1='WOC QUERY'!$D$2:$BI$2)*(AB$2='WOC QUERY'!$D$3:$BI$3)*(AB$3='WOC QUERY'!$D$4:$BI$4)*(AB$4='WOC QUERY'!$A$7:$A$1000),'WOC QUERY'!$D$7:$BI$1000))/COUNT(IF(($A19='WOC QUERY'!$B$7:$B$1000)*(AB$1='WOC QUERY'!$D$2:$BI$2)*(AB$2='WOC QUERY'!$D$3:$BI$3)*(AB$3='WOC QUERY'!$D$4:$BI$4)*(AB$4='WOC QUERY'!$A$7:$A$1000),'WOC QUERY'!$D$7:$BI$1000))} -> #DIV/0! | AC19: {=SUM(IF(($A19='WOC QUERY'!$B$7:$B$1000)*(AC$1='WOC QUERY'!$D$2:$BI$2)*(AC$2='WOC QUERY'!$D$3:$BI$3)*(AC$3='WOC QUERY'!$D$4:$BI$4)*(AC$5='WOC QUERY'!$A$7:$A$1000)*(AC$4='WOC QUERY'!$A$7:$A$1000)*(AC$6='WOC QUERY'!$A$7:$A$1000),'WOC QUERY'!$D$7:$BI$1000))/COUNT(IF(($A19='WOC QUERY'!$B$7:$B$1000)*(AC$1='WOC QUERY'!$D$2:$BI$2)*(AC$2='WOC QUERY'!$D$3:$BI$3)*(AC$3='WOC QUERY'!$D$4:$BI$4)*(AC$5='WOC QUERY'!$A$7:$A$1000)*(AC$4='WOC QUERY'!$A$7:$A$1000)*(AC$6='WOC QUERY'!$A$7:$A$1000),'WOC QUERY'!$D$7:$BI$1000))} -> #DIV/0! | AD19: =SUM(AA19:AC19) -> #DIV/0!
A20: S&S Misc - Other | B20: =A20 -> S&S Misc - Other | D20: {=SUM(IF(($A20='WOC QUERY'!$B$7:$B$1000)*(D$1='WOC QUERY'!$D$2:$BI$2)*(D$2='WOC QUERY'!$D$3:$BI$3)*(D$3='WOC QUERY'!$D$4:$BI$4)*(D$4='WOC QUERY'!$A$7:$A$1000),'WOC QUERY'!$D$7:$BI$1000))/COUNT(IF(($A20='WOC QUERY'!$B$7:$B$1000)*(D$1='WOC QUERY'!$D$2:$BI$2)*(D$2='WOC QUERY'!$D$3:$BI$3)*(D$3='WOC QUERY'!$D$4:$BI$4)*(D$4='WOC QUERY'!$A$7:$A$1000),'WOC QUERY'!$D$7:$BI$1000))} -> 3.283225 | E20: {=SUM(IF(($A20='WOC QUERY'!$B$7:$B$1000)*(E$1='WOC QUERY'!$D$2:$BI$2)*(E$2='WOC QUERY'!$D$3:$BI$3)*(E$3='WOC QUERY'!$D$4:$BI$4)*(E$4='WOC QUERY'!$A$7:$A$1000),'WOC QUERY'!$D$7:$BI$1000))/COUNT(IF(($A20='WOC QUERY'!$B$7:$B$1000)*(E$1='WOC QUERY'!$D$2:$BI$2)*(E$2='WOC QUERY'!$D$3:$BI$3)*(E$3='WOC QUERY'!$D$4:$BI$4)*(E$4='WOC QUERY'!$A$7:$A$1000),'WOC QUERY'!$D$7:$BI$1000))} -> 5.2086833 | F20: =SUM(G20:I20) -> #DIV/0! | G20: {=SUM(IF(($A20='WOC QUERY'!$B$7:$B$1000)*(G$1='WOC QUERY'!$D$2:$BI$2)*(G$2='WOC QUERY'!$D$3:$BI$3)*(G$3='WOC QUERY'!$D$4:$BI$4)*(G$4='WOC QUERY'!$A$7:$A$1000),'WOC QUERY'!$D$7:$BI$1000))/COUNT(IF(($A20='WOC QUERY'!$B$7:$B$1000)*(G$1='WOC QUERY'!$D$2:$BI$2)*(G$2='WOC QUERY'!$D$3:$BI$3)*(G$3='WOC QUERY'!$D$4:$BI$4)*(G$4='WOC QUERY'!$A$7:$A$1000),'WOC QUERY'!$D$7:$BI$1000))} -> -38.040562 | H20: {=SUM(IF(($A20='WOC QUERY'!$B$7:$B$1000)*(H$1='WOC QUERY'!$D$2:$BI$2)*(H$2='WOC QUERY'!$D$3:$BI$3)*(H$3='WOC QUERY'!$D$4:$BI$4)*(H$4='WOC QUERY'!$A$7:$A$1000),'WOC QUERY'!$D$7:$BI$1000))/COUNT(IF(($A20='WOC QUERY'!$B$7:$B$1000)*(H$1='WOC QUERY'!$D$2:$BI$2)*(H$2='WOC QUERY'!$D$3:$BI$3)*(H$3='WOC QUERY'!$D$4:$BI$4)*(H$4='WOC QUERY'!$A$7:$A$1000),'WOC QUERY'!$D$7:$BI$1000))} -> -0.552 | I20: {=SUM(IF(($A20='WOC QUERY'!$B$7:$B$1000)*(I$1='WOC QUERY'!$D$2:$BI$2)*(I$2='WOC QUERY'!$D$3:$BI$3)*(I$3='WOC QUERY'!$D$4:$BI$4)*(I$4='WOC QUERY'!$A$7:$A$1000),'WOC QUERY'!$D$7:$BI$1000))/COUNT(IF(($A20='WOC QUERY'!$B$7:$B$1000)*(I$1='WOC QUERY'!$D$2:$BI$2)*(I$2='WOC QUERY'!$D$3:$BI$3)*(I$3='WOC QUERY'!$D$4:$BI$4)*(I$4='WOC QUERY'!$A$7:$A$1000),'WOC QUERY'!$D$7:$BI$1000))} -> #DIV/0! | J20: =SUM(D20:F20) -> #DIV/0! | L20: {=SUM(IF(($A20='WOC QUERY'!$B$7:$B$1000)*(L$1='WOC QUERY'!$D$2:$BI$2)*(L$2='WOC QUERY'!$D$3:$BI$3)*(L$3='WOC QUERY'!$D$4:$BI$4)*(L$4='WOC QUERY'!$A$7:$A$1000),'WOC QUERY'!$D$7:$BI$1000))/COUNT(IF(($A20='WOC QUERY'!$B$7:$B$1000)*(L$1='WOC QUERY'!$D$2:$BI$2)*(L$2='WOC QUERY'!$D$3:$BI$3)*(L$3='WOC QUERY'!$D$4:$BI$4)*(L$4='WOC QUERY'!$A$7:$A$1000),'WOC QUERY'!$D$7:$BI$1000))} -> #DIV/0! | M20: {=SUM(IF(($A20='WOC QUERY'!$B$7:$B$1000)*(M$1='WOC QUERY'!$D$2:$BI$2)*(M$2='WOC QUERY'!$D$3:$BI$3)*(M$3='WOC QUERY'!$D$4:$BI$4)*(M$4='WOC QUERY'!$A$7:$A$1000),'WOC QUERY'!$D$7:$BI$1000))/COUNT(IF(($A20='WOC QUERY'!$B$7:$B$1000)*(M$1='WOC QUERY'!$D$2:$BI$2)*(M$2='WOC QUERY'!$D$3:$BI$3)*(M$3='WOC QUERY'!$D$4:$BI$4)*(M$4='WOC QUERY'!$A$7:$A$1000),'WOC QUERY'!$D$7:$BI$1000))} -> #DIV/0! | N20: {=SUM(IF(($A20='WOC QUERY'!$B$7:$B$1000)*(N$1='WOC QUERY'!$D$2:$BI$2)*(N$2='WOC QUERY'!$D$3:$BI$3)*(N$3='WOC QUERY'!$D$4:$BI$4)*(N$5='WOC QUERY'!$A$7:$A$1000)*(N$4='WOC QUERY'!$A$7:$A$1000)*(N$6='WOC QUERY'!$A$7:$A$1000),'WOC QUERY'!$D$7:$BI$1000))/COUNT(IF(($A20='WOC QUERY'!$B$7:$B$1000)*(N$1='WOC QUERY'!$D$2:$BI$2)*(N$2='WOC QUERY'!$D$3:$BI$3)*(N$3='WOC QUERY'!$D$4:$BI$4)*(N$5='WOC QUERY'!$A$7:$A$1000)*(N$4='WOC QUERY'!$A$7:$A$1000)*(N$6='WOC QUERY'!$A$7:$A$1000),'WOC QUERY'!$D$7:$BI$1000))} -> #DIV/0! | O20: =+SUM(L20:N20) -> #DIV/0! | Q20: {=SUM(IF(($A20='WOC QUERY'!$B$7:$B$1000)*(Q$1='WOC QUERY'!$D$2:$BI$2)*(Q$2='WOC QUERY'!$D$3:$BI$3)*(Q$3='WOC QUERY'!$D$4:$BI$4)*(Q$4='WOC QUERY'!$A$7:$A$1000),'WOC QUERY'!$D$7:$BI$1000))/COUNT(IF(($A20='WOC QUERY'!$B$7:$B$1000)*(Q$1='WOC QUERY'!$D$2:$BI$2)*(Q$2='WOC QUERY'!$D$3:$BI$3)*(Q$3='WOC QUERY'!$D$4:$BI$4)*(Q$4='WOC QUERY'!$A$7:$A$1000),'WOC QUERY'!$D$7:$BI$1000))} -> 17.825561 | R20: {=SUM(IF(($A20='WOC QUERY'!$B$7:$B$1000)*(R$1='WOC QUERY'!$D$2:$BI$2)*(R$2='WOC QUERY'!$D$3:$BI$3)*(R$3='WOC QUERY'!$D$4:$BI$4)*(R$4='WOC QUERY'!$A$7:$A$1000),'WOC QUERY'!$D$7:$BI$1000))/COUNT(IF(($A20='WOC QUERY'!$B$7:$B$1000)*(R$1='WOC QUERY'!$D$2:$BI$2)*(R$2='WOC QUERY'!$D$3:$BI$3)*(R$3='WOC QUERY'!$D$4:$BI$4)*(R$4='WOC QUERY'!$A$7:$A$1000),'WOC QUERY'!$D$7:$BI$1000))} -> 8.8321712 | S20: {=SUM(IF(($A20='WOC QUERY'!$B$7:$B$1000)*(S$1='WOC QUERY'!$D$2:$BI$2)*(S$2='WOC QUERY'!$D$3:$BI$3)*(S$3='WOC QUERY'!$D$4:$BI$4)*(S$5='WOC QUERY'!$A$7:$A$1000)*(S$4='WOC QUERY'!$A$7:$A$1000)*(S$6='WOC QUERY'!$A$7:$A$1000),'WOC QUERY'!$D$7:$BI$1000))/COUNT(IF(($A20='WOC QUERY'!$B$7:$B$1000)*(S$1='WOC QUERY'!$D$2:$BI$2)*(S$2='WOC QUERY'!$D$3:$BI$3)*(S$3='WOC QUERY'!$D$4:$BI$4)*(S$5='WOC QUERY'!$A$7:$A$1000)*(S$4='WOC QUERY'!$A$7:$A$1000)*(S$6='WOC QUERY'!$A$7:$A$1000),'WOC QUERY'!$D$7:$BI$1000))} -> #DIV/0! | T20: =SUM(Q20:S20) -> #DIV/0! | V20: {=SUM(IF(($A20='WOC QUERY'!$B$7:$B$1000)*(V$1='WOC QUERY'!$D$2:$BI$2)*(V$2='WOC QUERY'!$D$3:$BI$3)*(V$3='WOC QUERY'!$D$4:$BI$4)*(V$4='WOC QUERY'!$A$7:$A$1000),'WOC QUERY'!$D$7:$BI$1000))/COUNT(IF(($A20='WOC QUERY'!$B$7:$B$1000)*(V$1='WOC QUERY'!$D$2:$BI$2)*(V$2='WOC QUERY'!$D$3:$BI$3)*(V$3='WOC QUERY'!$D$4:$BI$4)*(V$4='WOC QUERY'!$A$7:$A$1000),'WOC QUERY'!$D$7:$BI$1000))} -> 10.30634 | W20: {=SUM(IF(($A20='WOC QUERY'!$B$7:$B$1000)*(W$1='WOC QUERY'!$D$2:$BI$2)*(W$2='WOC QUERY'!$D$3:$BI$3)*(W$3='WOC QUERY'!$D$4:$BI$4)*(W$4='WOC QUERY'!$A$7:$A$1000),'WOC QUERY'!$D$7:$BI$1000))/COUNT(IF(($A20='WOC QUERY'!$B$7:$B$1000)*(W$1='WOC QUERY'!$D$2:$BI$2)*(W$2='WOC QUERY'!$D$3:$BI$3)*(W$3='WOC QUERY'!$D$4:$BI$4)*(W$4='WOC QUERY'!$A$7:$A$1000),'WOC QUERY'!$D$7:$BI$1000))} -> 10.90256 | X20: {=SUM(IF(($A20='WOC QUERY'!$B$7:$B$1000)*(X$1='WOC QUERY'!$D$2:$BI$2)*(X$2='WOC QUERY'!$D$3:$BI$3)*(X$3='WOC QUERY'!$D$4:$BI$4)*(X$5='WOC QUERY'!$A$7:$A$1000)*(X$4='WOC QUERY'!$A$7:$A$1000)*(X$6='WOC QUERY'!$A$7:$A$1000),'WOC QUERY'!$D$7:$BI$1000))/COUNT(IF(($A20='WOC QUERY'!$B$7:$B$1000)*(X$1='WOC QUERY'!$D$2:$BI$2)*(X$2='WOC QUERY'!$D$3:$BI$3)*(X$3='WOC QUERY'!$D$4:$BI$4)*(X$5='WOC QUERY'!$A$7:$A$1000)*(X$4='WOC QUERY'!$A$7:$A$1000)*(X$6='WOC QUERY'!$A$7:$A$1000),'WOC QUERY'!$D$7:$BI$1000))} -> #DIV/0! | Y20: =SUM(V20:X20) -> #DIV/0! | AA20: {=SUM(IF(($A20='WOC QUERY'!$B$7:$B$1000)*(AA$1='WOC QUERY'!$D$2:$BI$2)*(AA$2='WOC QUERY'!$D$3:$BI$3)*(AA$3='WOC QUERY'!$D$4:$BI$4)*(AA$4='WOC QUERY'!$A$7:$A$1000),'WOC QUERY'!$D$7:$BI$1000))/COUNT(IF(($A20='WOC QUERY'!$B$7:$B$1000)*(AA$1='WOC QUERY'!$D$2:$BI$2)*(AA$2='WOC QUERY'!$D$3:$BI$3)*(AA$3='WOC QUERY'!$D$4:$BI$4)*(AA$4='WOC QUERY'!$A$7:$A$1000),'WOC QUERY'!$D$7:$BI$1000))} -> #DIV/0! | AB20: {=SUM(IF(($A20='WOC QUERY'!$B$7:$B$1000)*(AB$1='WOC QUERY'!$D$2:$BI$2)*(AB$2='WOC QUERY'!$D$3:$BI$3)*(AB$3='WOC QUERY'!$D$4:$BI$4)*(AB$4='WOC QUERY'!$A$7:$A$1000),'WOC QUERY'!$D$7:$BI$1000))/COUNT(IF(($A20='WOC QUERY'!$B$7:$B$1000)*(AB$1='WOC QUERY'!$D$2:$BI$2)*(AB$2='WOC QUERY'!$D$3:$BI$3)*(AB$3='WOC QUERY'!$D$4:$BI$4)*(AB$4='WOC QUERY'!$A$7:$A$1000),'WOC QUERY'!$D$7:$BI$1000))} -> #DIV/0! | AC20: {=SUM(IF(($A20='WOC QUERY'!$B$7:$B$1000)*(AC$1='WOC QUERY'!$D$2:$BI$2)*(AC$2='WOC QUERY'!$D$3:$BI$3)*(AC$3='WOC QUERY'!$D$4:$BI$4)*(AC$5='WOC QUERY'!$A$7:$A$1000)*(AC$4='WOC QUERY'!$A$7:$A$1000)*(AC$6='WOC QUERY'!$A$7:$A$1000),'WOC QUERY'!$D$7:$BI$1000))/COUNT(IF(($A20='WOC QUERY'!$B$7:$B$1000)*(AC$1='WOC QUERY'!$D$2:$BI$2)*(AC$2='WOC QUERY'!$D$3:$BI$3)*(AC$3='WOC QUERY'!$D$4:$BI$4)*(AC$5='WOC QUERY'!$A$7:$A$1000)*(AC$4='WOC QUERY'!$A$7:$A$1000)*(AC$6='WOC QUERY'!$A$7:$A$1000),'WOC QUERY'!$D$7:$BI$1000))} -> #DIV/0! | AD20: =SUM(AA20:AC20) -> #DIV/0!
B21: Total ES | D21: =SUM(D10:D20) -> 1179.0664 | E21: =SUM(E10:E20) -> 656.59303 | F21: =SUM(F10:F20) -> #DIV/0! | J21: =SUM(J10:J20) -> #DIV/0! | L21: =SUM(L10:L20) -> #DIV/0! | M21: =SUM(M10:M20) -> #DIV/0! | N21: =SUM(N10:N20) -> #DIV/0! | O21: =SUM(O10:O20) -> #DIV/0! | Q21: =SUM(Q10:Q20) -> 1131.1276 | R21: =SUM(R10:R20) -> 507.12023 | S21: =SUM(S10:S20) -> #DIV/0! | T21: =SUM(T10:T20) -> #DIV/0! | V21: =SUM(V10:V20) -> 1169.3357 | W21: =SUM(W10:W20) -> 514.76141 | X21: =SUM(X10:X20) -> #DIV/0! | Y21: =SUM(Y10:Y20) -> #DIV/0! | AA21: =SUM(AA10:AA20) -> #DIV/0! | AB21: =SUM(AB10:AB20) -> #DIV/0! | AC21: =SUM(AC10:AC20) -> #DIV/0! | AD21: =SUM(AD10:AD20) -> #DIV/0!
D24: Delta FC2 vs OP | L24: Delta FC2 vs Actuals 2016 | Q24: Delta FC2 vs FC1
B25: in M€ | D25: Inv. | E25: Rec. | F25: Ad./Def. | J25: WoC | L25: Inv. | M25: Rec. | N25: Ad./Def. | O25: WoC | Q25: Inv. | R25: Rec. | S25: Ad./Def. | T25: WoC
B27: Spares | D27: =AA10-Q10 -> #DIV/0! | E27: =AB10-R10 -> #DIV/0! | F27: =AC10-S10 -> #DIV/0! | J27: =AD10-T10 -> #DIV/0! | L27: =AA10-D10 -> #DIV/0! | M27: =AB10-E10 -> #DIV/0! | N27: =AC10-F10 -> #DIV/0! | O27: =AD10-J10 -> #DIV/0! | Q27: =AA10-V10 -> #DIV/0! | R27: =AB10-W10 -> #DIV/0! | S27: =AC10-X10 -> #DIV/0! | T27: =AD10-Y10 -> #DIV/0!
B28: MRO Aircraft | D28: =AA12-Q12 -> #DIV/0! | E28: =AB12-R12 -> #DIV/0! | F28: =AC12-S12 -> #DIV/0! | J28: =AD12-T12 -> #DIV/0! | L28: =AA12-D12 -> #DIV/0! | M28: =AB12-E12 -> #DIV/0! | N28: =AC12-F12 -> #DIV/0! | O28: =AD12-J12 -> #DIV/0! | Q28: =AA12-V12 -> #DIV/0! | R28: =AB12-W12 -> #DIV/0! | S28: =AC12-X12 -> #DIV/0! | T28: =AD12-Y12 -> #DIV/0!
B29: MRO Component repairs & PBH | D29: =AA11-Q11 -> #DIV/0! | E29: =AB11-R11 -> #DIV/0! | F29: =AC11-S11 -> #DIV/0! | J29: =AD11-T11 -> #DIV/0! | L29: =AA11-D11 -> #DIV/0! | M29: =AB11-E11 -> #DIV/0! | N29: =AC11-F11 -> #DIV/0! | O29: =AD11-J11 -> #DIV/0! | Q29: =AA11-V11 -> #DIV/0! | R29: =AB11-W11 -> #DIV/0! | S29: =AC11-X11 -> #DIV/0! | T29: =AD11-Y11 -> #DIV/0!
B30: Military Support Center France | D30: =AA13-Q13 -> #DIV/0! | E30: =AB13-R13 -> #DIV/0! | F30: =AC13-S13 -> #DIV/0! | J30: =AD13-T13 -> #DIV/0! | L30: =AA13-D13 -> #DIV/0! | M30: =AB13-E13 -> #DIV/0! | N30: =AC13-F13 -> #DIV/0! | O30: =AD13-J13 -> #DIV/0! | Q30: =AA13-V13 -> #DIV/0! | R30: =AB13-W13 -> #DIV/0! | S30: =AC13-X13 -> #DIV/0! | T30: =AD13-Y13 -> #DIV/0!
B31: Military Support Center Germany | D31: =AA14-Q14 -> #DIV/0! | E31: =AB14-R14 -> #DIV/0! | F31: =AC14-S14 -> #DIV/0! | J31: =AD14-T14 -> #DIV/0! | L31: =AA14-D14 -> #DIV/0! | M31: =AB14-E14 -> #DIV/0! | N31: =AC14-F14 -> #DIV/0! | O31: =AD14-J14 -> #DIV/0! | Q31: =AA14-V14 -> #DIV/0! | R31: =AB14-W14 -> #DIV/0! | S31: =AC14-X14 -> #DIV/0! | T31: =AD14-Y14 -> #DIV/0!
B32: Fix Wings | D32: =AA15-Q15 -> #DIV/0! | E32: =AB15-R15 -> #DIV/0! | F32: =AC15-S15 -> #DIV/0! | J32: =AD15-T15 -> #DIV/0! | L32: =AA15-D15 -> #DIV/0! | M32: =AB15-E15 -> #DIV/0! | N32: =AC15-F15 -> #DIV/0! | O32: =AD15-J15 -> #DIV/0! | Q32: =AA15-V15 -> #DIV/0! | R32: =AB15-W15 -> #DIV/0! | S32: =AC15-X15 -> #DIV/0! | T32: =AD15-Y15 -> #DIV/0!
B33: Multiservices | D33: =AA16-Q16 -> #DIV/0! | E33: =AB16-R16 -> #DIV/0! | F33: =AC16-S16 -> #DIV/0! | J33: =AD16-T16 -> #DIV/0! | L33: =AA16-D16 -> #DIV/0! | M33: =AB16-E16 -> #DIV/0! | N33: =AC16-F16 -> #DIV/0! | O33: =AD16-J16 -> #DIV/0! | Q33: =AA16-V16 -> #DIV/0! | R33: =AB16-W16 -> #DIV/0! | S33: =AC16-X16 -> #DIV/0! | T33: =AD16-Y16 -> #DIV/0!
B34: Training | D34: =AA17-Q17 -> #DIV/0! | E34: =AB17-R17 -> #DIV/0! | F34: =AC17-S17 -> #DIV/0! | J34: =AD17-T17 -> #DIV/0! | L34: =AA17-D17 -> #DIV/0! | M34: =AB17-E17 -> #DIV/0! | N34: =AC17-F17 -> #DIV/0! | O34: =AD17-J17 -> #DIV/0! | Q34: =AA17-V17 -> #DIV/0! | R34: =AB17-W17 -> #DIV/0! | S34: =AC17-X17 -> #DIV/0! | T34: =AD17-Y17 -> #DIV/0!
B35: Support Engineering | D35: =AA18-Q18 -> #DIV/0! | E35: =AB18-R18 -> #DIV/0! | F35: =AC18-S18 -> #DIV/0! | J35: =AD18-T18 -> #DIV/0! | L35: =AA18-D18 -> #DIV/0! | M35: =AB18-E18 -> #DIV/0! | N35: =AC18-F18 -> #DIV/0! | O35: =AD18-J18 -> #DIV/0! | Q35: =AA18-V18 -> #DIV/0! | R35: =AB18-W18 -> #DIV/0! | S35: =AC18-X18 -> #DIV/0! | T35: =AD18-Y18 -> #DIV/0!
B36: Used | D36: =AA19-Q19 -> #DIV/0! | E36: =AB19-R19 -> #DIV/0! | F36: =AC19-S19 -> #DIV/0! | J36: =AD19-T19 -> #DIV/0! | L36: =AA19-D19 -> #DIV/0! | M36: =AB19-E19 -> #DIV/0! | N36: =AC19-F19 -> #DIV/0! | O36: =AD19-J19 -> #DIV/0! | Q36: =AA19-V19 -> #DIV/0! | R36: =AB19-W19 -> #DIV/0! | S36: =AC19-X19 -> #DIV/0! | T36: =AD19-Y19 -> #DIV/0!
B37: S&S Misc - Other | D37: =AA20-Q20 -> #DIV/0! | E37: =AB20-R20 -> #DIV/0! | F37: =AC20-S20 -> #DIV/0! | J37: =AD20-T20 -> #DIV/0! | L37: =AA20-D20 -> #DIV/0! | M37: =AB20-E20 -> #DIV/0! | N37: =AC20-F20 -> #DIV/0! | O37: =AD20-J20 -> #DIV/0! | Q37: =AA20-V20 -> #DIV/0! | R37: =AB20-W20 -> #DIV/0! | S37: =AC20-X20 -> #DIV/0! | T37: =AD20-Y20 -> #DIV/0!
B38: Total ES | D38: =SUM(D27:D37) -> #DIV/0! | E38: =SUM(E27:E37) -> #DIV/0! | F38: =SUM(F27:F37) -> #DIV/0! | J38: =SUM(J27:J37) -> #DIV/0! | L38: =SUM(L27:L37) -> #DIV/0! | M38: =SUM(M27:M37) -> #DIV/0! | N38: =SUM(N27:N37) -> #DIV/0! | O38: =SUM(O27:O37) -> #DIV/0! | Q38: =SUM(Q27:Q37) -> #DIV/0! | R38: =SUM(R27:R37) -> #DIV/0! | S38: =SUM(S27:S37) -> #DIV/0! | T38: =SUM(T27:T37) -> #DIV/0! | U38: =SUM(U27:U37) -> 0

Sheet WOC QUERY
B2: Planning Case (P) | C2: ACTUAL | D2: ACTUAL | E2: ACTUAL | F2: L2AH / FC1 2017 / Version 001 | G2: L2AH / OP 2017 / Version 001 | H2: L2AH / OP 2017 / Version 001
B3: Fiscal year | C3: 2016 | D3: 2016 | E3: 2017 | F3: 2017 | G3: 2016 | H3: 2017
B4: Posting period | C4: 3 | D4: 12 | E4: 3 | F4: 12 | G4: 12 | H4: 12
C5: Amount in GC | D5: Amount in GC | E5: Amount in GC | F5: Amount in GC | G5: Amount in GC | H5: Amount in GC
A6: FS Item (P) | B6: Profit Center (P) | C6: * 1 000 000 EUR | D6: * 1 000 000 EUR | E6: * 1 000 000 EUR | F6: * 1 000 000 EUR | G6: * 1 000 000 EUR | H6: * 1 000 000 EUR
A7: Gross Raw Material | B7: Spares | C7: 41.038585 | D7: 31.285218 | E7: 3.6966206 | F7: 20.937631 | G7: 15.554759 | H7: 20.958487
A8: Gross Raw Material | B8: Spares | C8: 41.038585 | D8: 31.285218 | E8: 3.6966206 | F8: 20.937631 | G8: 15.554759 | H8: 20.958487
A9: Gross Raw Material | B9: MRO Aircraft | C9: 1.7675265 | D9: 1.1900799 | E9: 1.1888192 | F9: 1.0354009 | G9: 1.591075 | H9: 1.0540105
A10: Gross Raw Material | B10: MRO Component repairs & PBH | C10: 0.74291132 | D10: 1.6054558 | E10: 20.152065 | F10: 1.1985039 | G10: 3.6732224 | H10: 1.2113382
A11: Gross Raw Material | B11: MRO | C11: 2.5104378 | D11: 2.7955357 | E11: 21.340884 | F11: 2.2339048 | G11: 5.2642974 | H11: 2.2653487
A12: Gross Raw Material | B12: Military Support Center France | D12: 0 | E12: -0.09011144
A13: Gross Raw Material | B13: Military Support Center Germany | C13: 4.9847048 | D13: 4.1059522 | E13: 4.1038705 | F13: 6.6659521 | G13: 4.5529855 | H13: 6.6659521
A14: Gross Raw Material | B14: Military Support Centers | C14: 4.9847048 | D14: 4.1059522 | E14: 4.013759 | F14: 6.6659521 | G14: 4.5529855 | H14: 6.6659521
A15: Gross Raw Material | B15: Multiservice contracts | C15: 0 | D15: 0 | E15: -0.00016005 | F15: -3.0481283 | G15: -0.03294118 | H15: -3.0423529
A16: Gross Raw Material | B16: Training | C16: 0.000221 | D16: 0.000221 | E16: 8.852e-05 | F16: 0.000221 | H16: 0.000221
A17: Gross Raw Material | B17: Used | C17: 0.12679674 | D17: 0.11809021 | E17: -0.13804923 | F17: 0.11809021 | G17: 0.14467258 | H17: 0.11809021
A18: Gross Raw Material | B18: Support Engineering | E18: -0.00017331
A19: Gross Raw Material | B19: S&S Misc - Other | C19: 0.05699161 | D19: 0.02792662 | E19: 0.02594355 | F19: 0.02792662 | G19: 0.05727408 | H19: 0.02792662
A20: Gross Raw Material | B20: S&S Misc. | C20: 0.18400935 | D20: 0.14623783 | E20: -0.11219047 | F20: 0.14623783 | G20: 0.20194666 | H20: 0.14623783
A21: Gross Raw Material | B21: Other S&S activities | C21: 0.18400935 | D21: 0.14623783 | E21: -0.11235052 | F21: -2.9018905 | G21: 0.16900548 | H21: -2.8961151
A22: Gross Work in Progress | B22: Spares | C22: -37.666245 | D22: -29.155813 | E22: -22.277142 | F22: 1.1323386 | G22: -35.045013 | H22: 0.66723237
A23: Gross Work in Progress | B23: Spares | C23: -37.666245 | D23: -29.155813 | E23: -22.277142 | F23: 1.1323386 | G23: -35.045013 | H23: 0.66723237
A24: Gross Work in Progress | B24: MRO Aircraft | C24: 38.00171 | D24: 57.064042 | E24: 70.610953 | F24: 56.218582 | G24: 22.518652 | H24: 49.643261
A25: Gross Work in Progress | B25: MRO Component repairs & PBH | C25: 114.10141 | D25: 52.317248 | E25: 66.288397 | F25: 49.694352 | G25: 69.628167 | H25: 48.764182
A26: Gross Work in Progress | B26: MRO | C26: 152.10312 | D26: 109.38129 | E26: 136.89935 | F26: 105.91293 | G26: 92.146819 | H26: 98.407442
A27: Gross Work in Progress | B27: Military Support Center France | C27: 73.708701 | D27: 69.250327 | E27: 84.758449 | F27: 64.468327 | G27: 71.182565 | H27: 54.568327
A28: Gross Work in Progress | B28: Military Support Center Germany | C28: 64.714547 | D28: 38.71609 | E28: 50.387262 | F28: 41.473845 | G28: 41.946927 | H28: 41.469714
A29: Gross Work in Progress | B29: Fix wings | D29: 0.29665662 | E29: 1.2957352 | F29: 0.29455782 | G29: -0.50980392 | H29: 0.25928144
A30: Gross Work in Progress | B30: Military Support Centers | C30: 138.42325 | D30: 108.26307 | E30: 136.44145 | F30: 106.23673 | G30: 112.61969 | H30: 96.297322
A31: Gross Work in Progress | B31: Multiservice contracts | C31: 10.058351 | D31: -3.0039338 | E31: 1.3761059 | F31: -16.416099 | G31: 3.6664552 | H31: -16.109242
A32: Gross Work in Progress | B32: S&S Misc. | C32: 13.375126 | D32: 1.7688153 | E32: 2.6837057 | F32: 9.8688049 | G32: 0.73387251 | H32: 9.8103493
A33: Gross Work in Progress | B33: Other S&S activities | C33: 23.433476 | D33: -1.2351185 | E33: 4.0598116 | F33: -6.5472937 | G33: 4.4003277 | H33: -6.2988931
A34: Gross Finished Goods | B34: Spares | C34: 742.06314 | D34: 729.24347 | E34: 738.73253 | F34: 700.65724 | G34: 758.76958 | H34: 681.28837
A35: Gross Finished Goods | B35: Spares | C35: 742.06314 | D35: 729.24347 | E35: 738.73253 | F35: 700.65724 | G35: 758.76958 | H35: 681.28837
A36: Gross Finished Goods | B36: MRO Aircraft | C36: 2.7023095 | D36: 5.8201701 | E36: 8.8804737 | F36: 5.5074656 | G36: 1.858046 | H36: 5.0348453
A37: Gross Finished Goods | B37: MRO Component repairs & PBH | C37: 134.04335 | D37: 136.07018 | E37: 136.01819 | F37: 146.67019 | G37: 134.83886 | H37: 146.67019
A38: Gross Finished Goods | B38: MRO | C38: 136.74566 | D38: 141.89035 | E38: 144.89866 | F38: 152.17765 | G38: 136.6969 | H38: 151.70503
A39: Gross Finished Goods | B39: Military Support Center Germany | C39: 7.1601937 | D39: 2.6216847 | E39: 0 | F39: 2.6031367 | G39: 7.5713457 | H39: 2.2913838
A40: Gross Finished Goods | B40: Fix wings | D40: 5.4097198 | E40: 5.580884 | F40: 5.2626034 | G40: 0.14379085 | H40: 4.6323515
A41: Gross Finished Goods | B41: Military Support Centers | C41: 7.1601937 | D41: 8.0314045 | E41: 5.580884 | F41: 7.8657401 | G41: 7.7151366 | H41: 6.9237353
A42: Gross Finished Goods | B42: Multiservice contracts | C42: 55.004517 | D42: 56.721484 | E42: 56.777243 | F42: 56.79638 | G42: 48.429386 | H42: 49.994418
A43: Gross Finished Goods | B43: S&S Misc. | C43: 11.064777 | D43: 17.593311 | E43: 18.096558 | F43: 18.168377 | G43: 28.910908 | H43: 25.149218
A44: Gross Finished Goods | B44: Other S&S activities | C44: 66.069294 | D44: 74.314795 | E44: 74.873801 | F44: 74.964757 | G44: 77.340295 | H44: 75.143636
A45: Gross Inventories | B45: Spares | C45: 745.43548 | D45: 731.37287 | E45: 720.15201 | F45: 722.72721 | G45: 739.27932 | H45: 702.91409
A46: Gross Inventories | B46: MRO Aircraft | C46: 42.471546 | D46: 64.074292 | E46: 80.680246 | F46: 62.761449 | G46: 25.967773 | H46: 55.732117
A47: Gross Inventories | B47: MRO Component repairs & PBH | C47: 248.88767 | D47: 189.99289 | E47: 222.45865 | F47: 197.56304 | G47: 208.14025 | H47: 196.64571
A48: Gross Inventories | B48: MRO | C48: 291.35922 | D48: 254.06718 | E48: 303.1389 | F48: 260.32449 | G48: 234.10802 | H48: 252.37782
A49: Gross Inventories | B49: Military Support Center France | C49: 73.708701 | D49: 69.250327 | E49: 84.668337 | F49: 64.468327 | G49: 71.182565 | H49: 54.568327
A50: Gross Inventories | B50: Military Support Center Germany | C50: 76.859446 | D50: 45.443727 | E50: 54.491132 | F50: 50.742934 | G50: 54.071258 | H50: 50.42705
A51: Gross Inventories | B51: Fix wings | D51: 5.7063764 | E51: 6.8766192 | F51: 5.5571612 | G51: -0.36601307 | H51: 4.8916329
A52: Gross Inventories | B52: Military Support Centers | C52: 150.56815 | D52: 120.40043 | E52: 146.03609 | F52: 120.76842 | G52: 124.88781 | H52: 109.88701
A53: Gross Inventories | B53: Multiservice contracts | C53: 65.062867 | D53: 53.71755 | E53: 58.153189 | F53: 37.332153 | G53: 52.0629 | H53: 30.842823
A54: Gross Inventories | B54: Training | C54: -4.3576256 | D54: -2.521547 | E54: -5.4852009 | F54: 1.0332918 | G54: -5.8947512 | H54: 0.98790738
A55: Gross Inventories | B55: Used | C55: 30.039773 | D55: 20.110853 | E55: 21.461015 | F55: 18.201791 | G55: 18.033093 | H55: 17.611339
A56: Gross Inventories | B56: Support Engineering | C56: -2.3737521 | D56: -1.3641668 | E56: -1.693518 | F56: -1.3580037 | G56: 0.28729811 | H56: -1.3190029
A57: Gross Inventories | B57: S&S Misc - Other | C57: 1.3155173 | D57: 3.283225 | E57: 6.3857767 | F57: 10.30634 | G57: 17.421088 | H57: 17.825561
A58: Gross Inventories | B58: S&S Misc. | C58: 24.623912 | D58: 19.508364 | E58: 20.668073 | F58: 28.18342 | G58: 29.846727 | H58: 35.105805
A59: Gross Inventories | B59: Other S&S activities | C59: 89.68678 | D59: 73.225914 | E59: 78.821262 | F59: 65.515572 | G59: 81.909628 | H59: 65.948627
A60: Gross Trade receivables | B60: Spares | C60: 180.37765 | D60: 191.66371 | E60: 150.55859 | F60: 152.17391 | G60: 163.83701 | H60: 148.7341
A61: Gross Trade receivables | B61: MRO Aircraft | C61: 63.070927 | D61: 76.725741 | E61: 71.372114 | F61: 59.72831 | G61: 69.117195 | H61: 62.697558
A62: Gross Trade receivables | B62: MRO Component repairs & PBH | C62: 187.01873 | D62: 156.82325 | E62: 163.47402 | F62: 92.602223 | G62: 179.5175 | H62: 85.548981
A63: Gross Trade receivables | B63: MRO | C63: 250.08966 | D63: 233.54899 | E63: 234.84614 | F63: 152.33053 | G63: 248.6347 | H63: 148.24654
... A65: Gross Trade receivables | B65: Military Support Center Germany | C65: 45.964946 | D65: 33.47943 | E65: 27.865989 | F65: 34.429893 | G65: 46.960559 | H65: 34.235989
A66: Gross Trade receivables | B66: Fix wings | D66: 10.186485 | E66: 11.004923 | F66: 8.3089748 | G66: -6.0915033 | H66: 5.8174808
A67: Gross Trade receivables | B67: Military Support Centers | C67: 121.55846 | D67: 173.4705 | E67: 120.69742 | F67: 158.28828 | G67: 103.65522 | H67: 162.60289
A68: Gross Trade receivables | B68: Multiservice contracts | C68: 58.124721 | D68: 32.859988 | E68: 35.743368 | F68: 25.491798 | G68: 46.725554 | H68: 23.787068
A69: Gross Trade receivables | B69: Training | C69: 12.141528 | D69: 14.739978 | E69: 19.307015 | F69: 14.903566 | G69: 5.7074014 | H69: 14.478941
A70: Gross Trade receivables | B70: Used | C70: -1.3065097 | D70: 1.2608357 | E70: 1.4902846 | F70: 1.4560583 | G70: 3.018258 | H70: 1.2560582
A71: Gross Trade receivables | B71: Support Engineering | C71: 2.3753179 | D71: 3.8403373 | E71: 3.9769096 | F71: -0.78530246 | G71: 0.81134632 | H71: -0.81753721
A72: Gross Trade receivables | B72: S&S Misc - Other | C72: 12.876939 | D72: 5.2086833 | E72: 6.4520179 | F72: 10.90256 | G72: 13.177861 | H72: 8.8321712
A73: Gross Trade receivables | B73: S&S Misc. | C73: 26.087275 | D73: 25.049835 | E73: 31.226227 | F73: 26.476882 | G73: 22.714867 | H73: 23.749634
A74: Gross Trade receivables | B74: Other S&S activities | C74: 84.211996 | D74: 57.909823 | E74: 66.969594 | F74: 51.96868 | G74: 69.44042 | H74: 47.536701
A75: Advance payments received | B75: Spares | C75: -62.106867 | D75: -51.769651 | E75: -50.280867 | F75: -38.773922 | G75: -71.136795 | H75: -38.801905
A76: Advance payments received | B76: Spares | C76: -62.106867 | D76: -51.769651 | E76: -50.280867 | F76: -38.773922 | G76: -71.136795 | H76: -38.801905
A77: Advance payments received | B77: MRO Aircraft | C77: -91.867454 | D77: -85.014013 | E77: -86.019463 | F77: -62.812324 | G77: -73.069342 | H77: -60.854914
A78: Advance payments received | B78: MRO Component repairs & PBH | C78: -155.72476 | D78: -121.40064 | E78: -89.646208 | F78: -60.072505 | G78: -154.75369 | H78: -59.996819
... A95: Deferred income | B95: Military Support Center France | C95: -29.94911 | D95: -41.032986 | E95: -58.549866 | F95: -43.437521 | G95: -20.779 | H95: -43.437521
A96: Deferred income | B96: Military Support Center Germany | C96: -7.6771541 | D96: 0 | G96: -7.5736706
A97: Deferred income | B97: Fix wings | D97: -2.7795656 | E97: -2.4241925 | F97: 0.68431701 | G97: 2.6078431 | H97: 0.69038683
A98: Deferred income | B98: Military Support Centers | C98: -37.626264 | D98: -43.812552 | E98: -60.974059 | F98: -42.753204 | G98: -25.744827 | H98: -42.747134
A99: Deferred income | B99: Multiservice contracts | C99: -1.1097481 | D99: -1.2296104 | E99: -1.0739519 | F99: -9.1615769 | G99: -4.2889336 | H99: -8.9248242
A100: Deferred income | B100: Training | C100: -3.3847 | D100: -3.6107228 | E100: -3.6483451 | F100: -3.6166776 | G100: -1.8597 | H100: -3.6166776
A101: Deferred income | B101: Support Engineering | C101: -0.79124895 | D101: -0.57224895 | E101: -0.46569095 | F101: -0.48124895 | G101: -0.54565595 | H101: -0.48124895
A102: Deferred income | B102: S&S Misc - Other | C102: -0.97659108 | D102: -0.552 | E102: -0.389 | F102: -0.468 | G102: -0.173465 | H102: -0.468
A103: Deferred income | B103: S&S Misc. | C103: -5.15254 | D103: -4.7349718 | E103: -4.503036 | F103: -4.5659265 | G103: -2.5788209 | H103: -4.5659265
A104: Deferred income | B104: Other S&S activities | C104: -6.2622881 | D104: -5.9645822 | E104: -5.5769879 | F104: -13.727503 | G104: -6.8677546 | H104: -13.490751
A105: Receivables / PDPs / Deferred income | B105: Spares | C105: 113.70565 | D105: 135.26314 | E105: 95.509942 | F105: 114.36907 | G105: 87.022239 | H105: 108.10127
A106: Receivables / PDPs / Deferred income | B106: Spares | C106: 113.70565 | D106: 135.26314 | E106: 95.509942 | F106: 114.36907 | G106: 87.022239 | H106: 108.10127
A107: Receivables / PDPs / Deferred income | B107: MRO Aircraft | C107: -31.901721 | D107: -9.9831726 | E107: -16.153206 | F107: -2.2146137 | G107: -7.7691536 | H107: 2.5137846
A108: Receivables / PDPs / Deferred income | B108: MRO Component repairs & PBH | C108: -134.62432 | D108: -123.67313 | E108: -95.471138 | F108: -102.29979 | G108: -143.74531 | H108: -107.4018
A109: Receivables / PDPs / Deferred income | B109: MRO | C109: -166.52604 | D109: -133.6563 | E109: -111.62434 | F109: -104.5144 | G109: -151.51446 | H109: -104.88801
... A111: Receivables / PDPs / Deferred income | B111: Military Support Center Germany | C111: -5.8624486 | D111: -0.05329433 | E111: -3.3504417 | F111: -4.8548308 | G111: 8.5621052 | H111: -5.048735
A112: Receivables / PDPs / Deferred income | B112: Fix wings | D112: 7.406919 | E112: 8.5807302 | F112: 8.9932919 | G112: -3.4836601 | H112: 6.5078677
A113: Receivables / PDPs / Deferred income | B113: Military Support Centers | C113: 4.7700301 | D113: 14.904655 | E113: -39.887628 | F113: -12.293258 | G113: 10.841344 | H113: -7.9725861
A114: Receivables / PDPs / Deferred income | B114: Multiservice contracts | C114: -26.867124 | D114: -30.192268 | E114: -30.502965 | F114: -33.51229 | G114: -18.709121 | H114: -34.871114
A115: Receivables / PDPs / Deferred income | B115: S&S Misc. | C115: -36.09811 | D115: -24.084755 | E115: -20.750724 | F115: -20.73911 | G115: -26.367194 | H115: -22.44309
A116: Receivables / PDPs / Deferred income | B116: Other S&S activities | C116: -62.965233 | D116: -54.277023 | E116: -51.253689 | F116: -54.2514 | G116: -45.076315 | H116: -57.314204
A117: Governm. Refund. Advan. | B117: Military Support Center Germany | C117: 0.27774026 | D117: 0.97675116 | E117: 0 | F117: 0.96984082 | G117: 0.21503268 | H117: 0.85369222
A118: Governm. Refund. Advan. | B118: Military Support Centers | C118: 0.27774026 | D118: 0.97675116 | E118: 0 | F118: 0.96984082 | G118: 0.21503268 | H118: 0.85369222
A119: Working Capital Contribution (Program) | B119: Spares | C119: 859.14113 | D119: 866.63601 | E119: 815.66196 | F119: 837.09627 | G119: 826.30156 | H119: 811.01536
...
